Workbook
Name Cost_of_Capital: 'Venant - DFCF'!$C$4
Name Cost_of_Capital: 'Comcast - DFCF'!$C$4
Name Equity_Risk_Premium: 'Comcast - WACC'!$F$4
Name Parent_Cost_of_Capital: 'Venant - DFCF'!$C$4
Name Parent_Cost_of_Capital: 'Comcast - DFCF'!$C$4
Name Parent_Implied_Discount: Comcast!$F$7
Name Parent_Marginal_Rate: Comcast!$F$5
Name Parent_Share_Price: Comcast!$C$6
Name Parent_Shares: Comcast!$C$5
Name Parent_Weighted_Interest: Comcast!$F$4
Name ParentCo_Enterprise_Value: Comcast!$F$6
Name ParentCo_Market_Cap: Comcast!$C$7
Name Risk_Free_Rate: 'Comcast - WACC'!$F$5
Name Special_Cash_to_ParentCo: 'Versant - Adjustment'!$C$10
Name SubCo_Marginal_Tax_Rate: 'Versant - Adjustment'!$C$14
Name SubCo_Market_Cap: 'Versant - Adjustment'!$C$7
Name Transaction_Cost: 'Versant - Adjustment'!$C$12
Name Units: Comcast!$C$4

Sheet Comcast
B2: Comcast - ParentCo
B4: Units | C4: 1000000 | E4: Weighted Interest | F4: 0.064
B5: Class A Shares | C5: =3603750474/Units -> 3603.7505 | E5: Parent Marginal Rate | F5: 0.21
B6: Share Price | C6: 27.33 | E6: Enterprise Value | F6: =ParentCo_Market_Cap-F75+F101+F110-F82 -> 175318.18
B7: Market Cap | C7: =Parent_Share_Price*Parent_Shares -> 98490.5 | E7: Parent Implied Discount | F7: 0.3
C9: Historical | F9: Projected | S9: 9M
B10: Combined Income Statement | C10: 2022 | D10: 2023 | E10: 2024 | F10: 2025 | G10: =F10+1 -> 2026 | H10: =G10+1 -> 2027 | I10: =H10+1 -> 2028 | J10: =I10+1 -> 2029 | R10: Combined Income Statement 9M | S10: 2024 9M | T10: 2025 9M
B11: (+) Revenue | C11: 121427 | D11: 121572 | E11: 123731 | F11: =F146 -> 125586.96 | G11: =G146 -> 127470.77 | H11: =H146 -> 129382.83 | I11: =I146 -> 131323.57 | J11: =J146 -> 133293.43 | R11: (+) Revenue | S11: 91817 | T11: 91397
B12: (-) Cost of Good Sold | C12: -38213 | D12: -36762 | E12: -37026 | F12: =F13-F11 -> -37676.09 | G12: =G13-G11 -> -38241.231 | H12: =H13-H11 -> -38814.849 | I12: =I13-I11 -> -39397.072 | J12: =J13-J11 -> -39988.028 | R12: (-) Cost of Good Sold | S12: -27000 | T12: -24646
B13: Gross Profit | C13: =SUM(C11:C12) -> 83214 | D13: =SUM(D11:D12) -> 84810 | E13: =SUM(E11:E12) -> 86705 | F13: =F149 -> 87910.875 | G13: =G149 -> 89229.539 | H13: =H149 -> 90567.982 | I13: =I149 -> 91926.501 | J13: =J149 -> 93305.399 | R13: Gross Profit | S13: =SUM(S11:S12) -> 64817 | T13: =SUM(T11:T12) -> 66751
B15: Operating Expenses | R15: Operating Expenses
B16: (-) Marketing and Promotion | C16: -8506 | D16: -7971 | E16: -8073 | F16: =-F152 -> -8163.1527 | G16: =-G152 -> -8285.6 | H16: =-H152 -> -8409.884 | I16: =-I152 -> -8536.0323 | J16: =-J152 -> -8664.0728 | R16: (-) Marketing and Promotion | S16: -5929 | T16: -6435
B17: (-) Other Administrative | C17: -38263 | D17: -39190 | E17: -40533 | F17: =-F155 -> -40399.704 | G17: =-G155 -> -41005.7 | H17: =-H155 -> -41620.785 | I17: =-I155 -> -42245.097 | J17: =-J155 -> -42878.773 | R17: (-) Other Operating and Administrative | S17: -29615 | T17: -31109
B18: (-) Depreciation | C18: -8724 | D18: -8854 | E18: -8729 | F18: =-F158 -> -9009.7391 | G18: =-G158 -> -9144.8852 | H18: =-H158 -> -9282.0585 | I18: =-I158 -> -9421.2893 | J18: =-J158 -> -9562.6087 | R18: (-) Depreciation | S18: -6548 | T18: -6934
B19: (-) Amortization | C19: -5097 | D19: -5482 | E19: -6072 | F19: =-F161 -> -6288.667 | G19: =-G161 -> -6510.4677 | H19: =-H161 -> -6737.5076 | I19: =-I161 -> -6969.8938 | J19: =-J161 -> -7207.7356 | R19: (-) Amortization | S19: -4421 | T19: -5089
B20: (-) Impairment of Goodwill | C20: -8583 | D20: 0 | E20: 0 | F20: =F164 -> 0 | G20: =G164 -> 0 | H20: =H164 -> 0 | I20: =I164 -> 0 | J20: =J164 -> 0 | R20: (-) Impairment | S20: 0 | T20: 0
B21: Total Operating Expenses | C21: =SUM(C16:C20) -> -69173 | D21: =SUM(D16:D20) -> -61497 | E21: =SUM(E16:E20) -> -63407 | F21: =SUM(F16:F20) -> -63861.263 | G21: =SUM(G16:G20) -> -64946.653 | H21: =SUM(H16:H20) -> -66050.235 | I21: =SUM(I16:I20) -> -67172.312 | J21: =SUM(J16:J20) -> -68313.19 | R21: Total Operating Expenses | S21: =SUM(S16:S20) -> -46513 | T21: =SUM(T16:T20) -> -49567
B23: Operating Profit | C23: =C21+C13 -> 14041 | D23: =D21+D13 -> 23313 | E23: =E21+E13 -> 23298 | F23: =F21+F13 -> 24049.613 | G23: =G21+G13 -> 24282.886 | H23: =H21+H13 -> 24517.747 | I23: =I21+I13 -> 24754.189 | J23: =J21+J13 -> 24992.209 | R23: Operating Profit | S23: =S13+S21 -> 18304 | T23: =T13+T21 -> 17184
B24: (-) Interest Expense | C24: -3896 | D24: -4087 | E24: -4134 | F24: =-F237 -> -6341.952 | G24: =-G237 -> -6028.352 | H24: =-H237 -> -5714.752 | I24: =-I237 -> -5349.952 | J24: =-J237 -> -4901.952 | R24: (-) Interest Expense | S24: -3065 | T24: -3283
B25: (+/-) Investment and Other Income | C25: -861 | D25: 1252 | E25: -490 | F25: =F171 -> -33 | G25: =G171 -> -33 | H25: =H171 -> -33 | I25: =I171 -> -33 | J25: =J171 -> -33 | R25: (+/-) Investment and Other Income | S25: -140 | T25: 9705
B26: Earning Before Taxes | C26: =SUM(C23:C25) -> 9284 | D26: =SUM(D23:D25) -> 20478 | E26: =SUM(E23:E25) -> 18674 | F26: =SUM(F23:F25) -> 17674.661 | G26: =SUM(G23:G25) -> 18221.534 | H26: =SUM(H23:H25) -> 18769.995 | I26: =SUM(I23:I25) -> 19371.237 | J26: =SUM(J23:J25) -> 20057.257 | R26: Earning Before Tax | S26: =SUM(S23:S25) -> 15099 | T26: =SUM(T23:T25) -> 23606
B27: (-) Income Tax | C27: -4359 | D27: -5371 | E27: -2796 | F27: =-F166 -> -3711.6787 | G27: =-G166 -> -3826.5222 | H27: =-H166 -> -3941.6989 | I27: =-I166 -> -4067.9598 | J27: =-J166 -> -4212.0239 | R27: (-) Tax | S27: -3906 | T27: -6017
B28: Net Income | C28: =SUM(C26:C27) -> 4925 | D28: =SUM(D26:D27) -> 15107 | E28: =SUM(E26:E27) -> 15878 | F28: =SUM(F26:F27) -> 13962.982 | G28: =SUM(G26:G27) -> 14395.012 | H28: =SUM(H26:H27) -> 14828.296 | I28: =SUM(I26:I27) -> 15303.277 | J28: =SUM(J26:J27) -> 15845.233 | R28: Net Income | S28: =SUM(S26:S27) -> 11193 | T28: =SUM(T26:T27) -> 17589
B29: (-) Non-Controlling Interest | C29: -445 | D29: -282 | E29: -315 | F29: =F169 -> -347.33333 | G29: =G169 -> -347.33333 | H29: =H169 -> -347.33333 | I29: =I169 -> -347.33333 | J29: =J169 -> -347.33333 | R29: (+/-) Attributable to Non-Controlling Interest | S29: 222 | T29: 241
B30: Net Income Attributable to Parent | C30: =SUM(C28:C29) -> 4480 | D30: =SUM(D28:D29) -> 14825 | E30: =SUM(E28:E29) -> 15563 | F30: =SUM(F28:F29) -> 13615.649 | G30: =SUM(G28:G29) -> 14047.679 | H30: =SUM(H28:H29) -> 14480.962 | I30: =SUM(I28:I29) -> 14955.944 | J30: =SUM(J28:J29) -> 15497.899 | R30: Net Income Attributable to Parent | S30: =SUM(S28:S29) -> 11415 | T30: =SUM(T28:T29) -> 17830
C32: Historical | F32: Projected | S32: 9M
B33: Combined Cashflow Statement | C33: 2022 | D33: 2023 | E33: 2024 | F33: 2025 | G33: =F33+1 -> 2026 | H33: =G33+1 -> 2027 | I33: =H33+1 -> 2028 | J33: =I33+1 -> 2029 | R33: Combined Cashflow Statement 9M | S33: 2024 9M | T33: 2025 9M
B34: Net Income | C34: =C28 -> 4925 | D34: =D28 -> 15107 | E34: =E28 -> 15878 | F34: =F28 -> 13962.982 | G34: =G28 -> 14395.012 | H34: =H28 -> 14828.296 | I34: =I28 -> 15303.277 | J34: =J28 -> 15845.233 | R34: Net Income | S34: =S28 -> 11193 | T34: =T28 -> 17589
B35: Adjustment of non-cash | R35: Adjustment for Non-Cash
B36: (+) Depreciation | C36: =-C18 -> 8724 | D36: =-D18 -> 8854 | E36: =-E18 -> 8729 | F36: =-F18 -> 9009.7391 | G36: =-G18 -> 9144.8852 | H36: =-H18 -> 9282.0585 | I36: =-I18 -> 9421.2893 | J36: =-J18 -> 9562.6087 | R36: =B36 -> (+) Depreciation | S36: =-S18 -> 6548 | T36: =-T18 -> 6934
B37: (+) Amortization | C37: =-C19 -> 5097 | D37: =-D19 -> 5482 | E37: =-E19 -> 6072 | F37: =-F19 -> 6288.667 | G37: =-G19 -> 6510.4677 | H37: =-H19 -> 6737.5076 | I37: =-I19 -> 6969.8938 | J37: =-J19 -> 7207.7356 | R37: =B37 -> (+) Amortization | S37: =-S19 -> 4421 | T37: =-T19 -> 5089
B38: (+) Impairment | C38: =-C20 -> 8583 | D38: =-D20 -> 0 | E38: =-E20 -> 0 | F38: =-F20 -> 0 | G38: =-G20 -> 0 | H38: =-H20 -> 0 | I38: =-I20 -> 0 | J38: =-J20 -> 0 | R38: =B38 -> (+) Impairment | S38: =-S20 -> 0 | T38: =-T20 -> 0
B39: (+) Shared-Based Compesation | C39: 1336 | D39: 1241 | E39: 1288 | F39: =F175 -> 1288.3333 | G39: =G175 -> 1288.3333 | H39: =H175 -> 1288.3333 | I39: =I175 -> 1288.3333 | J39: =J175 -> 1288.3333 | R39: =B39 -> (+) Shared-Based Compesation | S39: 983 | T39: 1014
B40: (+) Non-cash Interest Expensed | C40: 309 | D40: 316 | E40: 464 | F40: =F177 -> 363 | G40: =G177 -> 363 | H40: =H177 -> 363 | I40: =I177 -> 363 | J40: =J177 -> 363 | R40: =B40 -> (+) Non-cash Interest Expensed | S40: 331 | T40: 359
B41: (+/-) Net Gain (loss) on investment activity | C41: 1177 | D41: -768 | E41: 1088 | F41: =F179 -> 499 | G41: =G179 -> 499 | H41: =H179 -> 499 | I41: =I179 -> 499 | J41: =J179 -> 499 | R41: =B41 -> (+/-) Net Gain (loss) on investment activity | S41: 620 | T41: -9282
B42: (+/-) Deferred Income Tax | C42: -834 | D42: -2739 | E42: -902 | F42: =F181 -> -1266.7872 | G42: =G181 -> -1305.983 | H42: =H181 -> -1345.2925 | I42: =I181 -> -1388.3851 | J42: =J181 -> -1437.5538 | R42: =B42 -> (+/-) Deferred Income Tax | S42: 123 | T42: 3250
B43: Change in Working Capital | R43: Change in Working Capital
B44: (+/-) Change in Account Receivables | C44: -1327 | D44: -996 | E44: 136 | F44: =E76-F76 -> -86.074916 | G44: =F76-G76 -> -206.20612 | H44: =G76-H76 -> -209.29922 | I44: =H76-I76 -> -212.4387 | J44: =I76-J76 -> -215.62528 | R44: (+/-) Change in Account Receivable | S44: 74 | T44: 716
B45: (+/-) Change in Film and TV Cost | C45: -451 | D45: -260 | E45: 290 | F45: =E81-F81 -> -254.32441 | G45: =F81-G81 -> -191.92987 | H45: =G81-H81 -> -194.80881 | I45: =H81-I81 -> -197.73095 | J45: =I81-J81 -> -200.69691 | R45: (+/-) Change in Film and TV Cost | S45: -287 | T45: -168
B46: (+/-) Change in Account Payables and Accrued | C46: 497 | D46: -520 | E46: -758 | F46: =F94-E94+F96-E96 -> 719.01272 | G46: =G94-F94+G96-F96 -> 61.40039 | H46: =H94-G94+H96-G96 -> 56.836795 | I46: =I94-H94+I96-H96 -> 52.103071 | J46: =J94-I94+J96-I96 -> 47.194847 | R46: (+/-) Change in Account Payable | S46: -906 | T46: -135
B47: (+/-) Change in Other Assets and Liabilities | C47: -1623 | D47: 2784 | E47: -4611 | F47: =E77-F77+E87-F87+F95-E95+F103-E103 -> 629.27457 | G47: =F77-G77+F87-G87+G95-F95+G103-F103 -> 857.98165 | H47: =G77-H77+G87-H87+H95-G95+H103-G103 -> 884.7877 | I47: =H77-I77+H87-I87+I95-H95+I103-H103 -> 912.24369 | J47: =I77-J77+I87-J87+J95-I95+J103-I103 -> 940.36369 | R47: (+/-) Change in Other Assets and Liabilities | S47: -3505 | T47: -566
B48: Net Change in Working Capital | C48: =SUM(C44:C47) -> -2904 | D48: =SUM(D44:D47) -> 1008 | E48: =SUM(E44:E47) -> -4943 | F48: =SUM(F44:F47) -> 1007.888 | G48: =SUM(G44:G47) -> 521.24605 | H48: =SUM(H44:H47) -> 537.51646 | I48: =SUM(I44:I47) -> 554.17711 | J48: =SUM(J44:J47) -> 571.23634 | R48: Net Change in Working Capital | S48: =SUM(S44:S47) -> -4624 | T48: =SUM(T44:T47) -> -153
B49: Cash from Operations | C49: =C48+SUM(C34:C42) -> 26413 | D49: =D48+SUM(D34:D42) -> 28501 | E49: =E48+SUM(E34:E42) -> 27674 | F49: =F48+SUM(F34:F42) -> 31152.822 | G49: =G48+SUM(G34:G42) -> 31415.961 | H49: =H48+SUM(H34:H42) -> 32190.419 | I49: =I48+SUM(I34:I42) -> 33010.586 | J49: =J48+SUM(J34:J42) -> 33899.593 | R49: Cash from Operations | S49: =S48+SUM(S36:S42) -> 8402 | T49: =T48+SUM(T36:T42) -> 7211
B51: (-) CAPEX | C51: =-10626-330 -> -10956 | D51: =-12242-137 -> -12379 | E51: =-12181-116 -> -12297 | F51: =-F184 -> -12200.206 | G51: =-G184 -> -12383.209 | H51: =-H184 -> -12568.957 | I51: =-I184 -> -12757.492 | J51: =-J184 -> -12948.854 | R51: =B51 -> (-) CAPEX | S51: -8267 | T51: =-8001 -> -8001
B52: (-) Intangible Assets | C52: -3141 | D52: -3298 | E52: -2949 | F52: =-F187 -> -3216.2534 | G52: =-G187 -> -3264.4972 | H52: =-H187 -> -3313.4647 | I52: =-I187 -> -3363.1666 | J52: =-J187 -> -3413.6141 | R52: =B52 -> (-) Intangible Assets | S52: -2043 | T52: -1934
B53: (+) Proceeds from Sale of Business | C53: 1985 | D53: 661 | E53: 771 | F53: =F190 -> 1139 | G53: =G190 -> 1139 | H53: =H190 -> 1139 | I53: =I190 -> 1139 | J53: =J190 -> 1139 | R53: =B53 -> (+) Proceeds from Sale of Business | S53: 689 | T53: 644
B54: (+) Advanced of Sale of Investments | C54: 0 | D54: 8610 | E54: 0 | F54: 0 | G54: 0 | H54: 0 | I54: 0 | J54: 0 | R54: =B54 -> (+) Advanced of Sale of Investments | S54: 0 | T54: 0
B55: (-) Purchase of Investments | C55: -2274 | D55: -1313 | E55: -1082 | F55: =-F192 -> -1556.3333 | G55: =-G192 -> -1556.3333 | H55: =-H192 -> -1556.3333 | I55: =-I192 -> -1556.3333 | J55: =-J192 -> -1556.3333 | R55: =B55 -> (-) Purchase of Investments | S55: -934 | T55: -1226
B56: (+/-) Other | C56: 246 | D56: 558 | E56: -113 | F56: =F194 -> 230.33333 | G56: =G194 -> 230.33333 | H56: =H194 -> 230.33333 | I56: =I194 -> 230.33333 | J56: =J194 -> 230.33333 | R56: =B56 -> (+/-) Other | S56: 108 | T56: 80
B57: Cash from Investing | C57: =SUM(C51:C56) -> -14140 | D57: =SUM(D51:D56) -> -7161 | E57: =SUM(E51:E56) -> -15670 | F57: =SUM(F51:F56) -> -15603.459 | G57: =SUM(G51:G56) -> -15834.706 | H57: =SUM(H51:H56) -> -16069.422 | I57: =SUM(I51:I56) -> -16307.658 | J57: =SUM(J51:J56) -> -16549.468 | R57: Cash from Investing | S57: =SUM(S51:S56) -> -10447 | T57: =SUM(T51:T56) -> -10437
B59: (+/-) Debt | C59: =660+2745-2307 -> 1098 | D59: =-660+6052-4015-5175 -> -3798 | E59: =6268-3573 -> 2695 | F59: =-F239 -> -4900 | G59: =-G239 -> -4900 | H59: =-H239 -> -5700 | I59: =-I239 -> -7000 | J59: =-J239 -> -4800 | R59: =B59 -> (+/-) Debt | S59: =6268-2433 -> 3835 | T59: =2494-4366 -> -1872
B60: (-) Repurchase of Common Stock | C60: -13328 | D60: -11921 | E60: -9103 | F60: =-F196 -> -6279.3482 | G60: =-G196 -> -6373.5385 | H60: =-H196 -> -6469.1416 | I60: =-I196 -> -6566.1787 | J60: =-J196 -> -6664.6714 | R60: =B60 -> (-) Repurchase of Common Stock | S60: -6920 | T60: -5618
B61: (-) Dividend | C61: -4741 | D61: -4766 | E61: -4814 | F61: =-F199 -> -4084.6946 | G61: =-G199 -> -4214.3036 | H61: =-H199 -> -4344.2887 | I61: =-I199 -> -4486.7832 | J61: =-J199 -> -4649.3698 | R61: =B61 -> (-) Dividend | S61: -3624 | T61: -3685
B62: (+/-) Other | C62: 896 | D62: 5 | E62: 339 | F62: =F202 -> 413.33333 | G62: =G202 -> 413.33333 | H62: =H202 -> 413.33333 | I62: =I202 -> 413.33333 | J62: =J202 -> 413.33333 | R62: =B62 -> (+/-) Other | S62: 250 | T62: 51
B63: Cash from Financing | C63: =SUM(C59:C62) -> -16075 | D63: =SUM(D59:D62) -> -20480 | E63: =SUM(E59:E62) -> -10883 | F63: =SUM(F59:F62) -> -14850.709 | G63: =SUM(G59:G62) -> -15074.509 | H63: =SUM(H59:H62) -> -16100.097 | I63: =SUM(I59:I62) -> -17639.629 | J63: =SUM(J59:J62) -> -15700.708 | R63: Cash from Financing | S63: =SUM(S59:S62) -> -6459 | T63: =SUM(T59:T62) -> -11124
B65: Effect FX | C65: -86 | D65: 9 | E65: -26 | F65: =F204 -> -34.333333 | G65: =G204 -> -34.333333 | H65: =H204 -> -34.333333 | I65: =I204 -> -34.333333 | J65: =J204 -> -34.333333 | R65: Effect FX | S65: 21 | T65: 35
B67: Net Change in Cash | F67: =F49+F57+F63+F65 -> 664.31991 | G67: =G49+G57+G63+G65 -> 472.41296 | H67: =H49+H57+H63+H65 -> -13.433079 | I67: =I49+I57+I63+I65 -> -971.03421 | J67: =J49+J57+J63+J65 -> 1615.0836
B68: Beginning Cash | F68: =E75 -> 7322 | G68: =F69 -> 7986.3199 | H68: =G69 -> 8458.7329 | I68: =H69 -> 8445.2998 | J68: =I69 -> 7474.2656
B69: Ending Cash | F69: =SUM(F67:F68) -> 7986.3199 | G69: =SUM(G67:G68) -> 8458.7329 | H69: =SUM(H67:H68) -> 8445.2998 | I69: =SUM(I67:I68) -> 7474.2656 | J69: =SUM(J67:J68) -> 9089.3492
C71: Historical | F71: Projected | S71: 9M
B72: Combined Balance Sheet | C72: 2022 | D72: 2023 | E72: 2024 | F72: 2025 | G72: 2026 | H72: 2027 | I72: 2028 | J72: 2029 | R72: Combined Balance Sheet | T72: =T33 -> 2025 9M
B73: Assets | R73: Assets
B74: Current Assets | R74: =B74 -> Current Assets
B75: Cash and Cash Equivalents | C75: 4749 | D75: 6215 | E75: 7322 | F75: =F69 -> 7986.3199 | G75: =G69 -> 8458.7329 | H75: =H69 -> 8445.2998 | I75: =I69 -> 7474.2656 | J75: =J69 -> 9089.3492 | R75: =B75 -> Cash and Cash Equivalents | T75: 9325
B76: Trade Receivable | C76: 12672 | D76: 13813 | E76: 13661 | F76: =F209 -> 13747.075 | G76: =G209 -> 13953.281 | H76: =H209 -> 14162.58 | I76: =I209 -> 14375.019 | J76: =J209 -> 14590.644 | R76: =B76 -> Trade Receivable | T76: 13214
B77: Other Current Assets | C77: 4406 | D77: 3959 | E77: 5817 | F77: =F212 -> 6155.4289 | G77: =G212 -> 6502.7019 | H77: =H212 -> 6859.0081 | I77: =I212 -> 7224.5404 | J77: =J212 -> 7599.4953 | R77: =B77 -> Other Current Assets | T77: 6319
B78: Total Current Assets | C78: =SUM(C75:C77) -> 21827 | D78: =SUM(D75:D77) -> 23987 | E78: =SUM(E75:E77) -> 26800 | F78: =SUM(F75:F77) -> 27888.824 | G78: =SUM(G75:G77) -> 28914.716 | H78: =SUM(H75:H77) -> 29466.888 | I78: =SUM(I75:I77) -> 29073.825 | J78: =SUM(J75:J77) -> 31279.489 | R78: =B78 -> Total Current Assets | T78: =SUM(T75:T77) -> 28858
B80: Non-Current Assets | R80: =B80 -> Non-Current Assets
B81: Film and TV Cost | C81: 12560 | D81: 12920 | E81: 12541 | F81: =F215 -> 12795.324 | G81: =G215 -> 12987.254 | H81: =H215 -> 13182.063 | I81: =I215 -> 13379.794 | J81: =J215 -> 13580.491 | R81: =B81 -> Film and TV Cost | T81: 12957
B82: Investments | C82: =7250+490 -> 7740 | D82: 9385 | E82: 8647 | F82: =E82-F55 -> 10203.333 | G82: =F82-G55 -> 11759.667 | H82: =G82-H55 -> 13316 | I82: =H82-I55 -> 14872.333 | J82: =I82-J55 -> 16428.667 | R82: =B82 -> Investments | T82: 8324
B83: PP&E | C83: 55485 | D83: 59686 | E83: 62548 | F83: =E83-F51-F36 -> 65738.467 | G83: =F83-G51-G36 -> 68976.791 | H83: =G83-H51-H36 -> 72263.689 | I83: =H83-I51-I36 -> 75599.892 | J83: =I83-J51-J36 -> 78986.137 | R83: =B83 -> PP&E | T83: 64773
B84: Goodwill | C84: 58494 | D84: 59268 | E84: 58209 | F84: =E84-F53 -> 57070 | G84: =F84-G53 -> 55931 | H84: =G84-H53 -> 54792 | I84: =H84-I53 -> 53653 | J84: =I84-J53 -> 52514 | R84: =B84 -> Goodwill | T84: 61406
B85: Franchise Rights | C85: 59365 | D85: 59365 | E85: 59365 | F85: =E85 -> 59365 | G85: =F85 -> 59365 | H85: =G85 -> 59365 | I85: =H85 -> 59365 | J85: =I85 -> 59365 | R85: =B85 -> Franchise Rights | T85: 59365
B86: Other Intangible | C86: 29308 | D86: 27867 | E86: 25599 | F86: =E86-F52-F37 -> 22526.586 | G86: =F86-G52-G37 -> 19280.616 | H86: =G86-H52-H37 -> 15856.573 | I86: =H86-I52-I37 -> 12249.846 | J86: =I86-J52-J37 -> 8455.7244 | R86: =B86 -> Other Intangible | T86: 23379
B87: Other Non-Current Assets | C87: 12497 | D87: 12333 | E87: 12501 | F87: =F218 -> 12625.722 | G87: =G218 -> 12751.372 | H87: =H218 -> 12877.951 | I87: =I218 -> 13005.459 | J87: =J218 -> 13133.894 | R87: =B87 -> Other Non-Current Assets | T87: 13932
B88: Total Non-Current Assets | C88: =SUM(C81:C87) -> 235449 | D88: =SUM(D81:D87) -> 240824 | E88: =SUM(E81:E87) -> 239410 | F88: =SUM(F81:F87) -> 240324.43 | G88: =SUM(G81:G87) -> 241051.7 | H88: =SUM(H81:H87) -> 241653.28 | I88: =SUM(I81:I87) -> 242125.32 | J88: =SUM(J81:J87) -> 242463.91 | R88: =B88 -> Total Non-Current Assets | T88: =SUM(T81:T87) -> 244136
B90: Total Assets | C90: =C88+C78 -> 257276 | D90: =D88+D78 -> 264811 | E90: =E88+E78 -> 266210 | F90: =F88+F78 -> 268213.26 | G90: =G88+G78 -> 269966.42 | H90: =H88+H78 -> 271120.16 | I90: =I88+I78 -> 271199.15 | J90: =J88+J78 -> 273743.4 | R90: =B90 -> Total Assets | T90: =T88+T78 -> 272994
B92: Liabilities & Equity | R92: Liabilities & Equity
B93: Current Liabilities | R93: =B93 -> Current Liabilities
B94: Account Payable | C94: 12544 | D94: 12437 | E94: 11321 | F94: =F223 -> 11082.8 | G94: =G223 -> 10946.431 | H94: =H223 -> 10802.183 | I94: =I223 -> 10649.831 | J94: =J223 -> 10489.146 | R94: =B94 -> Account Payable | T94: 11689
B95: Deferred Revenue | C95: 2380 | D95: 3242 | E95: 3507 | F95: =F226 -> 3810.7789 | G95: =G226 -> 4122.8822 | H95: =H226 -> 4443.491 | I95: =I226 -> 4772.7906 | J95: =J226 -> 5110.9693 | R95: =B95 -> Deferred Revenue | T95: 4218
B96: Accrued Expenses | C96: =1770+9450 -> 11220 | D96: 13284 | E96: 10679 | F96: =F229 -> 11636.213 | G96: =G229 -> 11833.982 | H96: =H229 -> 12035.067 | I96: =I229 -> 12239.522 | J96: =J229 -> 12447.402 | R96: =B96 -> Accrued Expenses | T96: 10942
B97: Advanced on Sale of Investments | C97: 0 | D97: 9167 | E97: 9167 | F97: 0 | G97: =F97 -> 0 | H97: =G97 -> 0 | I97: =H97 -> 0 | J97: =I97 -> 0 | R97: =B97 -> Advanced on Sale of Investments | T97: 0
B98: Total Current Liabilities | C98: =SUM(C94:C97) -> 26144 | D98: =SUM(D94:D97) -> 38130 | E98: =SUM(E94:E97) -> 34674 | F98: =SUM(F94:F97) -> 26529.792 | G98: =SUM(G94:G97) -> 26903.295 | H98: =SUM(H94:H97) -> 27280.741 | I98: =SUM(I94:I97) -> 27662.144 | J98: =SUM(J94:J97) -> 28047.517 | R98: =B98 -> Total Current Liabilities | T98: =SUM(T94:T97) -> 26849
B100: Non-Current Liabilities | R100: =B100 -> Non-Current Liabilities
B101: Long-Term Debt | C101: =93086+5172+1743 -> 100001 | D101: =95021+2069 -> 97090 | E101: =94186+4907 -> 99093 | F101: =E101+F59 -> 94193 | G101: =F101+G59 -> 89293 | H101: =G101+H59 -> 83593 | I101: =H101+I59 -> 76593 | J101: =I101+J59 -> 71793 | R101: =B101 -> Long-Term Debt | T101: =93211+5852 -> 99063
B102: Deferred Income Tax | C102: 28714 | D102: 26003 | E102: 25227 | F102: =E102+F42 -> 23960.213 | G102: =F102+G42 -> 22654.23 | H102: =G102+H42 -> 21308.937 | I102: =H102+I42 -> 19920.552 | J102: =I102+J42 -> 18482.998 | R102: =B102 -> Deferred Income Tax | T102: 28357
B103: Other Non-Current Liabilities | C103: 20395 | D103: 20122 | E103: 20942 | F103: =F232 -> 21730.646 | G103: =G232 -> 22749.448 | H103: =H232 -> 23796.512 | I103: =I232 -> 24872.496 | J103: =J232 -> 25978.071 | R103: =B103 -> Other Non-Current Liabilities | T103: 21089
B104: Commitments and contigences | C104: 411 | D104: 241 | E104: 237 | F104: =E104 -> 237 | G104: =F104 -> 237 | H104: =G104 -> 237 | I104: =H104 -> 237 | J104: =I104 -> 237 | R104: =B104 -> Commitments and contigences | T104: 220
B105: Total Non-Current Liabilities | C105: =SUM(C101:C104) -> 149521 | D105: =SUM(D101:D104) -> 143456 | E105: =SUM(E101:E104) -> 145499 | F105: =SUM(F101:F104) -> 140120.86 | G105: =SUM(G101:G104) -> 134933.68 | H105: =SUM(H101:H104) -> 128935.45 | I105: =SUM(I101:I104) -> 121623.05 | J105: =SUM(J101:J104) -> 116491.07 | R105: =B105 -> Total Non-Current Liabilities | T105: =SUM(T101:T104) -> 148729
B107: Total Liabilities | C107: =C105+C98 -> 175665 | D107: =D105+D98 -> 181586 | E107: =E105+E98 -> 180173 | F107: =F105+F98 -> 166650.65 | G107: =G105+G98 -> 161836.97 | H107: =H105+H98 -> 156216.19 | I107: =I105+I98 -> 149285.19 | J107: =J105+J98 -> 144538.59
B109: Common Equity | C109: =80943-16 -> 80927 | D109: 82702 | E109: 85560 | F109: =E109+F30+F39+F56+F62+F60+F61+F65+F40+F41+E97 -> 100738.27 | G109: =F109+G30+G39+G56+G62+G60+G61+G65+G40+G41 -> 106957.78 | H109: =G109+H30+H39+H56+H62+H60+H61+H65+H40+H41 -> 113384.97 | I109: =H109+I30+I39+I56+I62+I60+I61+I65+I40+I41 -> 120047.62 | J109: =I109+J30+J39+J56+J62+J60+J61+J65+J40+J41 -> 126991.15 | R109: =B109 -> Common Equity | T109: 97081
B110: Non-Controlling Interest | C110: 684 | D110: 523 | E110: 477 | F110: =E110-F29 -> 824.33333 | G110: =F110-G29 -> 1171.6667 | H110: =G110-H29 -> 1519 | I110: =H110-I29 -> 1866.3333 | J110: =I110-J29 -> 2213.6667 | R110: =B110 -> Non-Controlling Interest | T110: 335
B111: Total Equity | C111: =SUM(C109:C110) -> 81611 | D111: =SUM(D109:D110) -> 83225 | E111: =SUM(E109:E110) -> 86037 | F111: =SUM(F109:F110) -> 101562.61 | G111: =SUM(G109:G110) -> 108129.44 | H111: =SUM(H109:H110) -> 114903.97 | I111: =SUM(I109:I110) -> 121913.96 | J111: =SUM(J109:J110) -> 129204.81 | R111: =B111 -> Total Equity | T111: =SUM(T109:T110) -> 97416
B113: Balance Check | C113: =IF(AND(C90-C107-C111<1,C90-C107-C111>-1), "OK!",C90-C107-C111) -> OK! | D113: =IF(AND(D90-D107-D111<1,D90-D107-D111>-1), "OK!",D90-D107-D111) -> OK! | E113: =IF(AND(E90-E107-E111<1,E90-E107-E111>-1), "OK!",E90-E107-E111) -> OK! | F113: =IF(AND(F90-F107-F111<1,F90-F107-F111>-1), "OK!",F90-F107-F111) -> OK! | G113: =IF(AND(G90-G107-G111<1,G90-G107-G111>-1), "OK!",G90-G107-G111) -> OK! | H113: =IF(AND(H90-H107-H111<1,H90-H107-H111>-1), "OK!",H90-H107-H111) -> OK! | I113: =IF(AND(I90-I107-I111<1,I90-I107-I111>-1), "OK!",I90-I107-I111) -> OK! | J113: =IF(AND(J90-J107-J111<1,J90-J107-J111>-1), "OK!",J90-J107-J111) -> OK! | R113: Balance Check | T113: =T90-T98-T105-T111 -> 0
C115: Historical | F115: Projected
B116: Ratios | C116: 2022 | D116: 2023 | E116: 2024 | F116: 2025 | G116: =F116+1 -> 2026 | H116: =G116+1 -> 2027 | I116: =H116+1 -> 2028 | J116: =I116+1 -> 2029
B117: Buyback | F117: =F60/Parent_Share_Price -> -229.76027 | G117: =G60/Parent_Share_Price -> -233.20668 | H117: =H60/Parent_Share_Price -> -236.70478 | I117: =I60/Parent_Share_Price -> -240.25535 | J117: =J60/Parent_Share_Price -> -243.85918
B118: Shares Outstanding | C118: =Parent_Shares -> 3603.7505 | D118: =Parent_Shares -> 3603.7505 | E118: =Parent_Shares -> 3603.7505 | F118: =E118+F117 -> 3373.9902 | G118: =F118+G117 -> 3140.7835 | H118: =G118+H117 -> 2904.0787 | I118: =H118+I117 -> 2663.8234 | J118: =I118+J117 -> 2419.9642
B120: Revenue Growth | D120: =D11/C11-1 -> 0.0011941331 | E120: =E11/D11-1 -> 0.017759023 | F120: =F11/E11-1 -> 0.015 | G120: =G11/F11-1 -> 0.015 | H120: =H11/G11-1 -> 0.015 | I120: =I11/H11-1 -> 0.015 | J120: =J11/I11-1 -> 0.015
...

Sheet Comcast - Adjustment
B2: Comcast - Transaction Adjustments
B4: Transaction Adjustments
B6: Cash from SubCo | C6: =Special_Cash_to_ParentCo -> 2250 | F6: Post-Transaction Equity Value | G6: =ParentCo_Market_Cap-SubCo_Market_Cap -> 90667.385
F7: (-) Cash | G7: =-F49 -> -10155.486
F8: (+) Debt | G8: =F75 -> 94193
B9: (+) Added to assets | C9: =SUM(D49:D61) -> 2250 | F9: (+) Non-Controlling Interest | G9: =F84 -> 706.33333
B10: (-) Remove from Liabilities | C10: =-SUM(E68:E78)-E84 -> 0 | F10: (-) Investments | G10: =-F56 -> -9944.3333
B11: Adjustment to Equity | C11: =SUM(C9:C10) -> 2250 | F11: Post-Transaction Enterprise Value | G11: =SUM(G6:G10) -> 165466.9
D14: Transaction Adjusments | G14: Separated Company
B15: ParentCo - Adjusted Income Statement | C15: =DATE(2025, 12,31) -> 46022 | D15: Debit | E15: Credit | F15: =C15 -> 46022 | G15: =EOMONTH(F15,12) -> 46387 | H15: =EOMONTH(G15,12) -> 46752 | I15: =EOMONTH(H15,12) -> 47118 | J15: =EOMONTH(I15,12) -> 47483
B16: (+) Revenue | C16: =Comcast!F11 -> 125586.96 | G16: =Comcast!G11 -> 127470.77 | H16: =Comcast!H11 -> 129382.83 | I16: =Comcast!I11 -> 131323.57 | J16: =Comcast!J11 -> 133293.43
B17: (-) SubCo - Revenue | G17: =-Versant!G6 -> -6903.8112 | H17: =-Versant!H6 -> -7249.0018 | I17: =-Versant!I6 -> -6814.0617 | J17: =-Versant!J6 -> -6405.218
B18: (-) Cost of Good Sold | C18: =Comcast!F12 -> -37676.09 | G18: =Comcast!G12 -> -38241.231 | H18: =Comcast!H12 -> -38814.849 | I18: =Comcast!I12 -> -39397.072 | J18: =Comcast!J12 -> -39988.028
B19: (+) SubCo - Cost of Good Sold | G19: =-Versant!G7 -> 3133.4426 | H19: =-Versant!H7 -> 3362.6048 | I19: =-Versant!I7 -> 3228.9891 | J19: =-Versant!J7 -> 3099.3019
B20: Post Transcation - Gross Profit | C20: =SUM(C16:C19) -> 87910.875 | G20: =SUM(G16:G19) -> 85459.17 | H20: =SUM(H16:H19) -> 86681.585 | I20: =SUM(I16:I19) -> 88341.429 | J20: =SUM(J16:J19) -> 89999.483
B23: Operating Expenses
B24: (-) Marketing and Promotion | C24: =Comcast!F16 -> -8163.1527 | G24: =Comcast!G16 -> -8285.6 | H24: =Comcast!H16 -> -8409.884 | I24: =Comcast!I16 -> -8536.0323 | J24: =Comcast!J16 -> -8664.0728
B25: (-) Other Administrative | C25: =Comcast!F17 -> -40399.704 | G25: =Comcast!G17 -> -41005.7 | H25: =Comcast!H17 -> -41620.785 | I25: =Comcast!I17 -> -42245.097 | J25: =Comcast!J17 -> -42878.773
B26: (-) Depreciation | C26: =Comcast!F18 -> -9009.7391 | G26: =Comcast!G18 -> -9144.8852 | H26: =Comcast!H18 -> -9282.0585 | I26: =Comcast!I18 -> -9421.2893 | J26: =Comcast!J18 -> -9562.6087
B27: (-) Amortization | C27: =Comcast!F19 -> -6288.667 | G27: =Comcast!G19 -> -6510.4677 | H27: =Comcast!H19 -> -6737.5076 | I27: =Comcast!I19 -> -6969.8938 | J27: =Comcast!J19 -> -7207.7356
B28: (-) Impairment of Goodwill | C28: =Comcast!F20 -> 0 | G28: =Comcast!G20 -> 0 | H28: =Comcast!H20 -> 0 | I28: =Comcast!I20 -> 0 | J28: =Comcast!J20 -> 0
B29: (+) SubCo - SG&A | G29: =-Versant!G11 -> 1182.2821 | H29: =-Versant!H11 -> 1263.1432 | I29: =-Versant!I11 -> 1207.7968 | J29: =-Versant!J11 -> 1154.5446
B30: (+) SubCo - D&A | G30: =-Versant!G12 -> 1008.2693 | H30: =-Versant!H12 -> 1080.4297 | I30: =-Versant!I12 -> 1036.0461 | J30: =-Versant!J12 -> 993.09902
B31: Post Transaction - Total Operating Expenses | C31: =SUM(C24:C30) -> -63861.263 | G31: =SUM(G24:G30) -> -62756.101 | H31: =SUM(H24:H30) -> -63706.662 | I31: =SUM(I24:I30) -> -64928.469 | J31: =SUM(J24:J30) -> -66165.547
B33: Operating Profit | C33: =C20+C31 -> 24049.613 | G33: =G20+G31 -> 22703.069 | H33: =H20+H31 -> 22974.922 | I33: =I20+I31 -> 23412.96 | J33: =J20+J31 -> 23833.936
B34: (-) Interest Expense | C34: =Comcast!F24 -> -6341.952 | G34: =Comcast!G24 -> -6028.352 | H34: =Comcast!H24 -> -5714.752 | I34: =Comcast!I24 -> -5349.952 | J34: =Comcast!J24 -> -4901.952
B35: (+/-) Investment and Other Income | C35: =Comcast!F25 -> -33 | G35: =Comcast!G25 -> -33 | H35: =Comcast!H25 -> -33 | I35: =Comcast!I25 -> -33 | J35: =Comcast!J25 -> -33
B36: (+/-) SubCo - Investment and Other Income | C36: 0 | G36: =-Versant!G16 -> 0 | H36: =-Versant!H16 -> 0 | I36: =-Versant!I16 -> 0 | J36: =-Versant!J16 -> 0
B37: Post Transaction - Earning Before Tax | C37: =SUM(C33:C36) -> 17674.661 | G37: =SUM(G33:G36) -> 16641.717 | H37: =SUM(H33:H36) -> 17227.17 | I37: =SUM(I33:I36) -> 18030.008 | J37: =SUM(J33:J36) -> 18898.984
B38: (-) Tax | C38: =Comcast!F27 -> -3711.6787 | G38: =-G37*Comcast!G167 -> -3494.7605 | H38: =-H37*Comcast!H167 -> -3617.7058 | I38: =-I37*Comcast!I167 -> -3786.3016 | J38: =-J37*Comcast!J167 -> -3968.7867
B39: Post Transaction - Net Income | C39: =SUM(C37:C38) -> 13962.982 | G39: =SUM(G37:G38) -> 13146.956 | H39: =SUM(H37:H38) -> 13609.465 | I39: =SUM(I37:I38) -> 14243.706 | J39: =SUM(J37:J38) -> 14930.198
B40: (+/-) Non-Controlling Interest | C40: =Comcast!F29 -> -347.33333 | G40: =Comcast!G29 -> -347.33333 | H40: =Comcast!H29 -> -347.33333 | I40: =Comcast!I29 -> -347.33333 | J40: =Comcast!J29 -> -347.33333
B41: (+/-) SubCo - Non-Controlling Interest | G41: =-Versant!G20 -> 0 | H41: =-Versant!H20 -> 0 | I41: =-Versant!I20 -> 0 | J41: =-Versant!J20 -> 0
B42: Post-Transaction - Net Income Attributable | C42: =SUM(C39:C41) -> 13615.649 | G42: =SUM(G39:G41) -> 12799.623 | H42: =SUM(H39:H41) -> 13262.131 | I42: =SUM(I39:I41) -> 13896.373 | J42: =SUM(J39:J41) -> 14582.864
D45: Transaction Adjusments | G45: Separated Company
B46: ParentCo - Adjusted Balance Sheet | C46: =DATE(2025, 12,31) -> 46022 | D46: Debit | E46: Credit | F46: =C46 -> 46022 | G46: =EOMONTH(F46,12) -> 46387 | H46: =EOMONTH(G46,12) -> 46752 | I46: =EOMONTH(H46,12) -> 47118 | J46: =EOMONTH(I46,12) -> 47483
B47: Assets
B48: Current Assets
B49: Cash and Cash Equivalents | C49: =Comcast!F75 -> 7986.3199 | D49: =C6 -> 2250 | E49: =-Versant!F55 -> -80.834269 | F49: =SUM(C49:E49) -> 10155.486 | G49: =G132 -> 8060.5867 | H49: =H132 -> 4766.9839 | I49: =I132 -> 1796.8271 | J49: =J132 -> 1587.6154
B50: Trade Receivable | C50: =Comcast!F76 -> 13747.075 | D50: 0 | E50: =-Versant!F56 -> -1143.7469 | F50: =SUM(C50:E50) -> 12603.328 | G50: =SUM(G16:G17)*Comcast!F210 -> 13197.572 | H50: =H16*Comcast!G210 -> 14162.58 | I50: =I16*Comcast!H210 -> 14375.019 | J50: =J16*Comcast!I210 -> 14590.644
B51: Other Current Assets | C51: =Comcast!F77 -> 6155.4289 | D51: 0 | E51: =-Versant!F57 -> -63.47914 | F51: =SUM(C51:E51) -> 6091.9498 | G51: =SUM(G16:G17)*Comcast!F213 -> 5909.3819 | H51: =H16*Comcast!G213 -> 6600.2424 | I51: =I16*Comcast!H213 -> 6961.8932 | J51: =J16*Comcast!I213 -> 7332.9085
B52: Total Current Assets | C52: =SUM(C49:C51) -> 27888.824 | F52: =SUM(F49:F51) -> 28850.763 | G52: =SUM(G49:G51) -> 27167.541 | H52: =SUM(H49:H51) -> 25529.807 | I52: =SUM(I49:I51) -> 23133.739 | J52: =SUM(J49:J51) -> 23511.168
B54: Non-Current Assets
B55: Film and TV Cost | C55: =Comcast!F81 -> 12795.324 | E55: =-Versant!F61 -> -574.10688 | F55: =SUM(C55:E55) -> 12221.218 | G55: =-SUM(G18:G19)*Comcast!F216 -> 11923.094 | H55: =-SUM(H18:H19)*Comcast!G216 -> 12040.076 | I55: =-SUM(I18:I19)*Comcast!H216 -> 12283.184 | J55: =-SUM(J18:J19)*Comcast!I216 -> 12527.925
B56: Investments | C56: =Comcast!F82 -> 10203.333 | E56: =-Versant!F62 -> -259 | F56: =SUM(C56:E56) -> 9944.3333 | G56: =F56-G116-G117 -> 11495.667 | H56: =G56-H116-H117 -> 13047 | I56: =H56-I116-I117 -> 14598.333 | J56: =I56-J116-J117 -> 16149.667
B57: PP&E | C57: =Comcast!F83 -> 65738.467 | E57: 0 | F57: =SUM(C57:E57) -> 65738.467 | G57: =F57-G111-G112-G93 -> 68925.012 | H57: =G57-H111-H112-H93 -> 72157.543 | I57: =H57-I111-I112-I93 -> 75442.64 | J57: =I57-J111-J112-J93 -> 78780.846
B58: Goodwill | C58: =Comcast!F84 -> 57070 | E58: =-Versant!F64 -> -6782.4252 | F58: =SUM(C58:E58) -> 50287.575 | G58: =F58-G114 -> 49148.575 | H58: =G58-H114 -> 48009.575 | I58: =H58-I114 -> 46870.575 | J58: =I58-J114 -> 45731.575
B59: Franchise Rights | C59: =Comcast!F85 -> 59365 | E59: 0 | F59: =SUM(C59:E59) -> 59365 | G59: =F59 -> 59365 | H59: =G59 -> 59365 | I59: =H59 -> 59365 | J59: =I59 -> 59365
B60: Other Intangible | C60: =Comcast!F86 -> 22526.586 | E60: =-Versant!F63 -> -2061.7871 | F60: =SUM(C60:E60) -> 20464.799 | G60: =F60-G113-G94-G95 -> 18227.098 | H60: =G60-H113-H94-H95 -> 15883.485 | I60: =H60-I113-I94-I95 -> 13312.804 | J60: =I60-J113-J94-J95 -> 10511.781
B61: Other Non-Current Assets | C61: =Comcast!F87 -> 12625.722 | E61: =-Versant!F65 -> -101.63656 | F61: =SUM(C61:E61) -> 12524.085 | G61: =SUM(G16:G17)*Comcast!F219 -> 12121.042 | H61: =SUM(H16:H17)*Comcast!G219 -> 12217.498 | I61: =SUM(I16:I17)*Comcast!H219 -> 12392.892 | J61: =SUM(J16:J17)*Comcast!I219 -> 12566.208
B62: Total Non-Current Assets | C62: =SUM(C55:C61) -> 240324.43 | F62: =SUM(F55:F61) -> 230545.48 | G62: =SUM(G55:G61) -> 231205.49 | H62: =SUM(H55:H61) -> 232720.18 | I62: =SUM(I55:I61) -> 234265.43 | J62: =SUM(J55:J61) -> 235633
B64: Total Assets | C64: =C62+C52 -> 268213.26 | F64: =F62+F52 -> 259396.24 | G64: =G62+G52 -> 258373.03 | H64: =H62+H52 -> 258249.98 | I64: =I62+I52 -> 257399.17 | J64: =J62+J52 -> 259144.17
B66: Liabilities & Equity
B67: Current Liabilities
B68: Account Payable | C68: =Comcast!F94 -> 11082.8 | D68: =-Versant!F72 -> -97.744016 | E68: 0 | F68: =SUM(C68:E68) -> 10985.056 | G68: =Comcast!F224*-'Comcast - Adjustment'!G31 -> 10891.005 | H68: =Comcast!G224*-'Comcast - Adjustment'!H31 -> 10737.437 | I68: =Comcast!H224*-'Comcast - Adjustment'!I31 -> 10618.724 | J68: =Comcast!I224*-'Comcast - Adjustment'!J31 -> 10490.214
B69: Deferred Revenue | C69: =Comcast!F95 -> 3810.7789 | D69: =-Versant!F73 -> -153.45312 | E69: 0 | F69: =SUM(C69:E69) -> 3657.3258 | G69: =SUM(G16:G17)*Comcast!F227 -> 3658.4531 | H69: =SUM(H16:H17)*Comcast!G227 -> 3950.2655 | I69: =SUM(I16:I17)*Comcast!H227 -> 4276.123 | J69: =SUM(J16:J17)*Comcast!I227 -> 4611.5928
B70: Accrued Expenses | C70: =Comcast!F96 -> 11636.213 | D70: =-Versant!F74-Versant!F75 -> -328.14186 | E70: 0 | F70: =SUM(C70:E70) -> 11308.071 | G70: =Comcast!F230*-'Comcast - Adjustment'!G31 -> 11434.84 | H70: =Comcast!G230*-'Comcast - Adjustment'!H31 -> 11608.043 | I70: =Comcast!H230*-'Comcast - Adjustment'!I31 -> 11830.669 | J70: =Comcast!I230*-'Comcast - Adjustment'!J31 -> 12056.078
B71: Advanced on Sale of Investments | C71: =Comcast!F97 -> 0 | D71: 0 | E71: 0 | F71: =SUM(C71:E71) -> 0 | G71: =F71 -> 0 | H71: =G71 -> 0 | I71: =H71 -> 0 | J71: =I71 -> 0
B72: Total Current Liabilities | C72: =SUM(C68:C71) -> 26529.792 | F72: =SUM(F68:F71) -> 25950.453 | G72: =SUM(G68:G71) -> 25984.298 | H72: =SUM(H68:H71) -> 26295.745 | I72: =SUM(I68:I71) -> 26725.516 | J72: =SUM(J68:J71) -> 27157.885
B74: Non-Current Liabilities
B75: Long-Term Debt | C75: =Comcast!F101 -> 94193 | D75: 0 | E75: 0 | F75: =SUM(C75:E75) -> 94193 | G75: =F75+G121 -> 89293 | H75: =G75+H121 -> 83593 | I75: =H75+I121 -> 76593 | J75: =I75+J121 -> 71793
B76: Deferred Income Tax | C76: =Comcast!F102 -> 23960.213 | D76: =-Versant!F79 -> -306.10494 | E76: 0 | F76: =SUM(C76:E76) -> 23654.108 | G76: =F76+G102 -> 22461.354 | H76: =G76+H102 -> 21226.64 | I76: =H76+I102 -> 19934.384 | J76: =I76+J102 -> 18579.847
B77: Other Non-Current Liabilities | C77: =Comcast!F103 -> 21730.646 | D77: =-Versant!F80-Versant!F81 -> -108.97758 | E77: 0 | F77: =SUM(C77:E77) -> 21621.669 | G77: =Comcast!F233*-'Comcast - Adjustment'!G31 -> 21354.583 | H77: =Comcast!G233*-'Comcast - Adjustment'!H31 -> 22315.105 | I77: =Comcast!H233*-'Comcast - Adjustment'!I31 -> 23392.363 | J77: =Comcast!I233*-'Comcast - Adjustment'!J31 -> 24499.712
B78: Commitments and contigences | C78: =Comcast!F104 -> 237 | D78: 0 | E78: 0 | F78: =SUM(C78:E78) -> 237 | G78: =F78 -> 237 | H78: =G78 -> 237 | I78: =H78 -> 237 | J78: =I78 -> 237
B79: Total Non-Current Liabilities | C79: =SUM(C75:C78) -> 140120.86 | F79: =SUM(F75:F78) -> 139705.78 | G79: =SUM(G75:G78) -> 133345.94 | H79: =SUM(H75:H78) -> 127371.75 | I79: =SUM(I75:I78) -> 120156.75 | J79: =SUM(J75:J78) -> 115109.56
B81: Total Liabilities | C81: =C79+C72 -> 166650.65 | F81: =F79+F72 -> 165656.23 | G81: =G79+G72 -> 159330.24 | H81: =H79+H72 -> 153667.49 | I81: =I79+I72 -> 146882.26 | J81: =J79+J72 -> 142267.44
B83: Common Equity | C83: =Comcast!F109 -> 100738.27 | D83: =-Versant!F86 -> -9955.1153 | E83: =C9 -> 2250 | F83: =SUM(C83:E83) -> 93033.157 | G83: =F83+G42+G101+G100+G99+G98+G97+G118+G124+G125+G123+G122+G128 -> 97989.271 | H83: =G83+H42+H101+H100+H99+H98+H97+H118+H124+H125+H123+H122+H128 -> 103182.31 | I83: =H83+I42+I101+I100+I99+I98+I97+I118+I124+I125+I123+I122+I128 -> 108770.05 | J83: =I83+J42+J101+J100+J99+J98+J97+J118+J124+J125+J123+J122+J128 -> 114783.21
B84: Non-Controlling Interest | C84: =Comcast!F110 -> 824.33333 | D84: =-Versant!F87 -> -118 | F84: =SUM(C84:E84) -> 706.33333 | G84: =F84-G40+G41 -> 1053.6667 | H84: =G84-H40+H41 -> 1401 | I84: =H84-I40+I41 -> 1748.3333 | J84: =I84-J40+J41 -> 2095.6667
B85: Total Equity | C85: =SUM(C83:C84) -> 101562.61 | F85: =SUM(F83:F84) -> 93739.49 | G85: =SUM(G83:G84) -> 99042.938 | H85: =SUM(H83:H84) -> 104583.31 | I85: =SUM(I83:I84)-1.48 -> 110516.9 | J85: =SUM(J83:J84)-2.15 -> 116876.72
B87: Balance Check | C87: =IF(AND(C64-C81-C85<1,C64-C81-C85>-1), "OK!",C64-C81-C85) -> OK! | F87: =IF(AND(F64-F81-F85<1,F64-F81-F85>-1), "OK!",F64-F81-F85) -> OK! | G87: =IF(AND(G64-G81-G85<1,G64-G81-G85>-1), "OK!",G64-G81-G85) -> OK! | H87: =IF(AND(H64-H81-H85<1,H64-H81-H85>-1), "OK!",H64-H81-H85) -> OK! | I87: =IF(AND(I64-I81-I85<1,I64-I81-I85>-1), "OK!",I64-I81-I85) -> OK! | J87: =IF(AND(J64-J81-J85<1,J64-J81-J85>-1), "OK!",J64-J81-J85) -> OK!
D89: Transaction Adjusments | G89: Separated Company
B90: ParentCo - Adjusted Cashflow Statement | C90: =DATE(2025, 12,31) -> 46022 | D90: Debit | E90: Credit | F90: =C90 -> 46022 | G90: =EOMONTH(F90,12) -> 46387 | H90: =EOMONTH(G90,12) -> 46752 | I90: =EOMONTH(H90,12) -> 47118 | J90: =EOMONTH(I90,12) -> 47483
B91: Post-Transaction Net Income | C91: =C39 -> 13962.982 | G91: =G39 -> 13146.956 | H91: =H39 -> 13609.465 | I91: =I39 -> 14243.706 | J91: =J39 -> 14930.198
B92: Adjustment of non-cash
B93: (+) Depreciation | C93: =Comcast!F36 -> 9009.7391 | G93: =Comcast!G36 -> 9144.8852 | H93: =Comcast!H36 -> 9282.0585 | I93: =Comcast!I36 -> 9421.2893 | J93: =Comcast!J36 -> 9562.6087
B94: (+) Amortization | C94: =Comcast!F37 -> 6288.667 | G94: =Comcast!G37 -> 6510.4677 | H94: =Comcast!H37 -> 6737.5076 | I94: =Comcast!I37 -> 6969.8938 | J94: =Comcast!J37 -> 7207.7356
B95: (-) SubCo - D&A | C95: 0 | G95: =-Versant!G27 -> -1008.2693 | H95: =-Versant!H27 -> -1080.4297 | I95: =-Versant!I27 -> -1036.0461 | J95: =-Versant!J27 -> -993.09902
B96: (+) Impairment | C96: =Comcast!F38 -> 0 | G96: =Comcast!G38 -> 0 | H96: =Comcast!H38 -> 0 | I96: =Comcast!I38 -> 0 | J96: =Comcast!J38 -> 0
B97: (+) Shared-Based Compesation | C97: =Comcast!F39 -> 1288.3333 | G97: =Comcast!G39 -> 1288.3333 | H97: =Comcast!H39 -> 1288.3333 | I97: =Comcast!I39 -> 1288.3333 | J97: =Comcast!J39 -> 1288.3333
B98: (-) SubCo - Shared-Based Compesation | C98: 0 | G98: =-Versant!G28 -> -16 | H98: =-Versant!H28 -> -16 | I98: =-Versant!I28 -> -16 | J98: =-Versant!J28 -> -16
B99: (+) Non-cash Interest Expensed | C99: =Comcast!F40 -> 363 | G99: =Comcast!G40 -> 363 | H99: =Comcast!H40 -> 363 | I99: =Comcast!I40 -> 363 | J99: =Comcast!J40 -> 363
B100: (+/-) Net Gain (loss) on investment activity | C100: =Comcast!F41 -> 499 | G100: =Comcast!G41 -> 499 | H100: =Comcast!H41 -> 499 | I100: =Comcast!I41 -> 499 | J100: =Comcast!J41 -> 499
B101: (+/-) SubCo - Net Gain / Loss on investment | C101: 0 | G101: =-Versant!G29 -> 0 | H101: =-Versant!H29 -> 0 | I101: =-Versant!I29 -> 0 | J101: =-Versant!J29 -> 0
B102: (+/-) Deferred Income Tax | C102: =Comcast!F42 -> -1266.7872 | G102: =G38*Comcast!F182 -> -1192.7535 | H102: =H38*Comcast!G182 -> -1234.7144 | I102: =I38*Comcast!H182 -> -1292.2558 | J102: =J38*Comcast!I182 -> -1354.5375
B103: Change in Working Capital
B104: (+/-) Change in Account Receivables | C104: =Comcast!F44 -> -86.074916 | G104: =F50-G50 -> -594.24392 | H104: =G50-H50 -> -965.0083 | I104: =H50-I50 -> -212.4387 | J104: =I50-J50 -> -215.62528
B105: (+/-) Change in Film and TV Cost | C105: =Comcast!F45 -> -254.32441 | G105: =F55-G55 -> 298.12398 | H105: =G55-H55 -> -116.98216 | I105: =H55-I55 -> -243.10869 | J105: =I55-J55 -> -244.74048
B106: (+/-) Change in Account Payables and Accrued | C106: =Comcast!F46 -> 719.01272 | G106: =G68-F68+G69-F69+G70-F70 -> 33.845568 | H106: =H68-G68+H69-G69+H70-G70 -> 311.44666 | I106: =I68-H68+I69-H69+I70-H70 -> 429.77104 | J106: =J68-I68+J69-I69+J70-I70 -> 432.3687
B107: (+/-) Change in Other Assets and Liabilities | C107: =Comcast!F47 -> 629.27457 | G107: =F51-G51+F61-G61+G77-F77 -> 318.52541 | H107: =G51-H51+G61-H61+H77-G77 -> 173.20567 | I107: =H51-I51+H61-I61+I77-H77 -> 540.21372 | J107: =I51-J51+I61-J61+J77-I77 -> 563.01678
B108: Net Change in Working Capital | C108: =SUM(C104:C107) -> 1007.888 | G108: =SUM(G104:G107) -> 56.251037 | H108: =SUM(H104:H107) -> -597.33813 | I108: =SUM(I104:I107) -> 514.43737 | J108: =SUM(J104:J107) -> 535.01972
B109: Post-Transaction - Cash from Operations | C109: =C108+SUM(C91:C102) -> 31152.822 | G109: =G108+SUM(G91:G102) -> 28791.871 | H109: =H108+SUM(H91:H102) -> 28850.882 | I109: =I108+SUM(I91:I102) -> 30955.358 | J109: =J108+SUM(J91:J102) -> 32022.258
B111: (-) CAPEX | C111: =Comcast!F51 -> -12200.206 | G111: =Comcast!G51 -> -12383.209 | H111: =Comcast!H51 -> -12568.957 | I111: =Comcast!I51 -> -12757.492 | J111: =Comcast!J51 -> -12948.854
B112: (+) SubCo - CAPEX | C112: 0 | G112: =-Versant!G39 -> 51.778584 | H112: =-Versant!H39 -> 54.367513 | I112: =-Versant!I39 -> 51.105462 | J112: =-Versant!J39 -> 48.039135
B113: (-) Intangible Assets | C113: =Comcast!F52 -> -3216.2534 | G113: =Comcast!G52 -> -3264.4972 | H113: =Comcast!H52 -> -3313.4647 | I113: =Comcast!I52 -> -3363.1666 | J113: =Comcast!J52 -> -3413.6141
B114: (+) Proceeds from Sale of Business | C114: =Comcast!F53 -> 1139 | G114: =Comcast!G53 -> 1139 | H114: =Comcast!H53 -> 1139 | I114: =Comcast!I53 -> 1139 | J114: =Comcast!J53 -> 1139
B115: (+) Advanced of Sale of Investments | C115: =Comcast!F54 -> 0 | G115: =Comcast!G54 -> 0 | H115: =Comcast!H54 -> 0 | I115: =Comcast!I54 -> 0 | J115: =Comcast!J54 -> 0
B116: (-) Purchase of Investments | C116: =Comcast!F55 -> -1556.3333 | G116: =Comcast!G55 -> -1556.3333 | H116: =Comcast!H55 -> -1556.3333 | I116: =Comcast!I55 -> -1556.3333 | J116: =Comcast!J55 -> -1556.3333
B117: (+) Subco - Purchase of Investments | C117: 0 | G117: =-Versant!G40 -> 5 | H117: =-Versant!H40 -> 5 | I117: =-Versant!I40 -> 5 | J117: =-Versant!J40 -> 5
B118: (+/-) Other | C118: =Comcast!F56 -> 230.33333 | G118: =Comcast!G56 -> 230.33333 | H118: =Comcast!H56 -> 230.33333 | I118: =Comcast!I56 -> 230.33333 | J118: =Comcast!J56 -> 230.33333
B119: Post-Transaction - Cash from Investing | C119: =SUM(C111:C118) -> -15603.459 | G119: =SUM(G111:G118) -> -15777.928 | H119: =SUM(H111:H118) -> -16010.054 | I119: =SUM(I111:I118) -> -16251.553 | J119: =SUM(J111:J118) -> -16496.429
...

Sheet Comcast - DFCF
B2: Comcast - Discounted Free Cash Flow
B4: Cost of Capital | C4: ='Comcast - WACC'!C26 -> 0.086586936 | E4: Perpetual | H4: Exit
E5: Growth | F5: 0.015 | H5: EV/EBITDA | I5: 6
B6: Current Shares | C6: =Parent_Shares -> 3603.7505
B7: Projected | C7: =Comcast!J118 -> 2419.9642 | E7: Terminal FCFF | F7: =P40 -> 18415.548 | H7: Terminal EBITDA | I7: =P47 -> 43417.901
E9: Terminal Value | F9: =F7*(1+F5)/(Cost_of_Capital-F5) -> 261106.03 | H9: Terminal Value | I9: =I7*I5 -> 260507.41
E10: Implied EV/EBITDA | F10: =F9/P47 -> 6.0137875 | H10: Implied Growth | I10: =(I9*Cost_of_Capital-P40)/(I9+P40) -> 0.01484636
E12: PV of Terminal | F12: =F9*P43 -> 113807.82 | H12: PV of Terminal | I12: =I9*P43 -> 113546.9
E13: Sum of PV | F13: =SUM(G45:P45) -> 109308.01 | H13: Sum of PV | I13: =SUM(G45:P45) -> 109308.01
E14: (-) Debt | F14: =-'Comcast - Adjustment'!J75 -> -71793 | H14: (-) Debt | I14: =F14 -> -71793
E15: (+) Cash | F15: ='Comcast - Adjustment'!J49 -> 1587.6154 | H15: (+) Cash | I15: =F15 -> 1587.6154
E16: Equity | F16: =SUM(F12:F15) -> 152910.45 | H16: Equity | I16: =SUM(I12:I15) -> 152649.53
E18: Share (Discount Impl.) | F18: =(F16/C7)*(1-Parent_Implied_Discount) -> 44.23095 | H18: Share (Discount Impl.) | I18: =(I16/C7)*(1-Parent_Implied_Discount) -> 44.155476
E19: Upside | F19: =F18/Parent_Share_Price-1 -> 0.61840285 | H19: Upside | I19: =I18/Parent_Share_Price-1 -> 0.61564126
E21: Implied TV over EV | F21: =F12/(F13+F12) -> 0.51008402 | H21: Implied TV over EV | I21: =I12/(I13+I12) -> 0.50951042
C23: HISTORICAL | G23: PROJECTED
B24: Unlevered Free Cash Flow | C24: =DATE(2022,12,31) -> 44926 | D24: =EOMONTH(C24,12) -> 45291 | E24: =EOMONTH(D24,12) -> 45657 | F24: =EOMONTH(E24,12) -> 46022 | G24: =EOMONTH(F24,12) -> 46387 | H24: =EOMONTH(G24,12) -> 46752 | I24: =EOMONTH(H24,12) -> 47118 | J24: =EOMONTH(I24,12) -> 47483 | K24: =EOMONTH(J24,12) -> 47848 | ... P24: =EOMONTH(O24,12) -> 49674
B25: Revenue | C25: =Comcast!C11 -> 121427 | D25: =Comcast!D11 -> 121572 | E25: =Comcast!E11 -> 123731 | F25: ='Comcast - Adjustment'!C16+'Comcast - Adjustment'!C17 -> 125586.96 | G25: ='Comcast - Adjustment'!G16+'Comcast - Adjustment'!G17 -> 120566.96 | H25: ='Comcast - Adjustment'!H16+'Comcast - Adjustment'!H17 -> 122133.83 | I25: ='Comcast - Adjustment'!I16+'Comcast - Adjustment'!I17 -> 124509.51 | J25: ='Comcast - Adjustment'!J16+'Comcast - Adjustment'!J17 -> 126888.21 | K25: =J25*(1+K26) -> 128791.53 | L25: =K25*(1+L26) -> 130594.61 | M25: =L25*(1+M26) -> 132292.34 | N25: =M25*(1+N26) -> 133879.85 | O25: =N25*(1+O26) -> 135352.53 | P25: =O25*(1+P26) -> 136706.06
B26: Growth | D26: =D25/C25-1 -> 0.0011941331 | E26: =E25/D25-1 -> 0.017759023 | F26: =F25/E25-1 -> 0.015 | G26: =G25/F25-1 -> -0.039972355 | H26: =H25/G25-1 -> 0.012995857 | I26: =I25/H25-1 -> 0.01945147 | J26: =J25/I25-1 -> 0.019104543 | K26: 0.015 | L26: =K26-0.1% -> 0.014 | M26: =L26-0.1% -> 0.013 | N26: =M26-0.1% -> 0.012 | O26: =N26-0.1% -> 0.011 | P26: =O26-0.1% -> 0.01
B28: Operating Profit | C28: =Comcast!C23 -> 14041 | D28: =Comcast!D23 -> 23313 | E28: =Comcast!E23 -> 23298 | F28: ='Comcast - Adjustment'!C33 -> 24049.613 | G28: ='Comcast - Adjustment'!G33 -> 22703.069 | H28: ='Comcast - Adjustment'!H33 -> 22974.922 | I28: ='Comcast - Adjustment'!I33 -> 23412.96 | J28: ='Comcast - Adjustment'!J33 -> 23833.936 | K28: =K29*K25 -> 24062.654 | L28: =L29*L25 -> 24268.936 | M28: =M29*M25 -> 24452.14 | N28: =N29*N25 -> 24611.686 | O28: =O29*O25 -> 24747.062 | P28: =P29*P25 -> 24857.827
B29: Margin | C29: =C28/C25 -> 0.11563326 | D29: =D28/D25 -> 0.19176291 | E29: =E28/E25 -> 0.18829558 | F29: =F28/F25 -> 0.19149768 | G29: =G28/G25 -> 0.18830258 | H29: =H28/H25 -> 0.18811268 | I29: =I28/I25 -> 0.18804153 | J29: =J28/J25 -> 0.18783413 | K29: =J29-0.1% -> 0.18683413 | L29: =K29-0.1% -> 0.18583413 | M29: =L29-0.1% -> 0.18483413 | N29: =M29-0.1% -> 0.18383413 | O29: =N29-0.1% -> 0.18283413 | P29: =O29-0.1% -> 0.18183413
B31: (+) D&A | C31: =Comcast!C36+Comcast!C37 -> 13821 | D31: =Comcast!D36+Comcast!D37 -> 14336 | E31: =Comcast!E36+Comcast!E37 -> 14801 | F31: ='Comcast - Adjustment'!C93+'Comcast - Adjustment'!C94 -> 15298.406 | G31: ='Comcast - Adjustment'!G93+'Comcast - Adjustment'!G94 -> 15655.353 | H31: ='Comcast - Adjustment'!H93+'Comcast - Adjustment'!H94 -> 16019.566 | I31: ='Comcast - Adjustment'!I93+'Comcast - Adjustment'!I94 -> 16391.183 | J31: ='Comcast - Adjustment'!J93+'Comcast - Adjustment'!J94 -> 16770.344 | K31: =K32*K25 -> 17099.174 | L31: =L32*L25 -> 17416.92 | M31: =M32*M25 -> 17722.715 | N31: =N32*N25 -> 18015.715 | O31: =O32*O25 -> 18295.1 | P31: =P32*P25 -> 18560.074
B32: % Revenue | C32: =C31/C25 -> 0.11382147 | D32: =D31/D25 -> 0.11792189 | E32: =E31/E25 -> 0.11962241 | F32: =F31/F25 -> 0.12181524 | G32: =G31/G25 -> 0.12984779 | H32: =H31/H25 -> 0.13116404 | I32: =I31/I25 -> 0.13164603 | J32: =J31/J25 -> 0.13216629 | K32: =J32+0.06% -> 0.13276629 | L32: =K32+0.06% -> 0.13336629 | M32: =L32+0.06% -> 0.13396629 | N32: =M32+0.06% -> 0.13456629 | O32: =N32+0.06% -> 0.13516629 | P32: =O32+0.06% -> 0.13576629
B34: (-) CAPEX | C34: =Comcast!C51+Comcast!C52+Comcast!C55+Comcast!C60 -> -29699 | D34: =Comcast!D51+Comcast!D52+Comcast!D55+Comcast!D60 -> -28911 | E34: =Comcast!E51+Comcast!E52+Comcast!E55+Comcast!E60 -> -25431 | F34: =SUM('Comcast - Adjustment'!C111:C113)+'Comcast - Adjustment'!C116+'Comcast - Adjustment'!C117+'Comcast - Adjustment'!C122 -> -23252.141 | G34: =SUM('Comcast - Adjustment'!G111:G113)+'Comcast - Adjustment'!G116+'Comcast - Adjustment'!G117+'Comcast - Adjustment'!G122 -> -23520.799 | H34: =SUM('Comcast - Adjustment'!H111:H113)+'Comcast - Adjustment'!H116+'Comcast - Adjustment'!H117+'Comcast - Adjustment'!H122 -> -23848.529 | I34: =SUM('Comcast - Adjustment'!I111:I113)+'Comcast - Adjustment'!I116+'Comcast - Adjustment'!I117+'Comcast - Adjustment'!I122 -> -24187.065 | J34: =SUM('Comcast - Adjustment'!J111:J113)+'Comcast - Adjustment'!J116+'Comcast - Adjustment'!J117+'Comcast - Adjustment'!J122 -> -24530.434 | K34: =K35*-K25 -> -24833.994 | L34: =L35*-L25 -> -25116.373 | M34: =M35*-M25 -> -25376.74 | N34: =N35*-N25 -> -25614.321 | O34: =O35*-O25 -> -25828.402 | P34: =P35*-P25 -> -26018.333
B35: % Revenue | C35: =-C34/C25 -> 0.24458317 | D35: =-D34/D25 -> 0.23780969 | E35: =-E34/E25 -> 0.20553459 | F35: =-F34/F25 -> 0.18514773 | G35: =-G34/G25 -> 0.19508495 | H35: =-H34/H25 -> 0.19526555 | I35: =-I34/I25 -> 0.19425877 | J35: =-J34/J25 -> 0.19332319 | K35: =J35-0.05% -> 0.19282319 | L35: =K35-0.05% -> 0.19232319 | M35: =L35-0.05% -> 0.19182319 | N35: =M35-0.05% -> 0.19132319 | O35: =N35-0.05% -> 0.19082319 | P35: =O35-0.05% -> 0.19032319
B37: (+/-) Working Capital | C37: =Comcast!C48 -> -2904 | D37: =Comcast!D48 -> 1008 | E37: =Comcast!E48 -> -4943 | F37: ='Comcast - Adjustment'!C108 -> 1007.888 | G37: ='Comcast - Adjustment'!G108 -> 56.251037 | H37: ='Comcast - Adjustment'!H108 -> -597.33813 | I37: ='Comcast - Adjustment'!I108 -> 514.43737 | J37: ='Comcast - Adjustment'!J108 -> 535.01972 | K37: =(K25-J25)*K38 -> 1428.6671 | L37: =(L25-K25)*L38 -> 1353.424 | M37: =(M25-L25)*M38 -> 1274.3454 | N37: =(N25-M25)*N38 -> 1191.6109 | O37: =(O25-N25)*O38 -> 1105.4178 | P37: =(P25-O25)*P38 -> 1015.9794
B38: % Change in Revenue | D38: =D37/(D25-C25) -> 6.9517241 | E38: =E37/(E25-D25) -> -2.2894859 | F38: =F37/(F25-E25) -> 0.54305332 | G38: =G37/(G25-F25) -> -0.011205371 | H38: =H37/(H25-G25) -> -0.38122994 | I38: =I37/(I25-H25) -> 0.21654298 | J38: =J37/(J25-I25) -> 0.22492131 | K38: =AVERAGE(D38:J38) -> 0.75061722 | L38: =K38 -> 0.75061722 | M38: =L38 -> 0.75061722 | N38: =M38 -> 0.75061722 | O38: =N38 -> 0.75061722 | P38: =O38 -> 0.75061722
B40: Unlevered Free Cash Flow | C40: =C28+C31+C34+C37 -> -4741 | D40: =D28+D31+D34+D37 -> 9746 | E40: =E28+E31+E34+E37 -> 7725 | F40: =F28+F31+F34+F37 -> 17103.766 | G40: =G28+G31+G34+G37 -> 14893.873 | H40: =H28+H31+H34+H37 -> 14548.621 | I40: =I28+I31+I34+I37 -> 16131.515 | J40: =J28+J31+J34+J37 -> 16608.867 | ... P40: =P28+P31+P34+P37 -> 18415.548
B42: Period | G42: 1 | H42: 2 | I42: 3 | J42: 4 | K42: 5 | L42: 6 | M42: 7 | N42: 8 | O42: 9 | P42: 10
B43: Discount Factor | G43: =1/(1+Parent_Cost_of_Capital)^G42 -> 0.92031292 | H43: =1/(1+Parent_Cost_of_Capital)^H42 -> 0.84697588 | I43: =1/(1+Parent_Cost_of_Capital)^I42 -> 0.77948285 | J43: =1/(1+Parent_Cost_of_Capital)^J42 -> 0.71736814 | K43: =1/(1+Parent_Cost_of_Capital)^K42 -> 0.66020317 | L43: =1/(1+Parent_Cost_of_Capital)^L42 -> 0.60759351 | M43: =1/(1+Parent_Cost_of_Capital)^M42 -> 0.55917616 | N43: =1/(1+Parent_Cost_of_Capital)^N42 -> 0.51461704 | ... P43: =1/(1+Parent_Cost_of_Capital)^P42 -> 0.43586822
B45: PV | G45: =G40*G43 -> 13707.024 | H45: =H40*H43 -> 12322.331 | I45: =I40*I43 -> 12574.239 | J45: =J40*J43 -> 11914.672 | K45: =K40*K43 -> 11722.898 | L45: =L40*L43 -> 10889.842 | M45: =M40*M43 -> 10105.689 | N45: =N40*N43 -> 9368.4446 | ... P45: =P40*P43 -> 8026.752
B47: EBITDA | C47: =C28+C31 -> 27862 | D47: =D28+D31 -> 37649 | E47: =E28+E31 -> 38099 | F47: =F28+F31 -> 39348.019 | G47: =G28+G31 -> 38358.422 | H47: =H28+H31 -> 38994.489 | I47: =I28+I31 -> 39804.143 | J47: =J28+J31 -> 40604.281 | ... P47: =P28+P31 -> 43417.901
B50: Perpetual Growth
B51: =F18 -> 44.23095 | C51: 0 | D51: =C51+0.5% -> 0.005 | E51: =D51+0.5% -> 0.01 | F51: =E51+0.5% -> 0.015 | G51: =F51+0.5% -> 0.02 | H51: =G51+0.5% -> 0.025
B52: 0.0666 | C52: 56.439013 | D52: 60.072926 | E52: 64.348874 | F52: 69.453494 | G52: 75.653525 | H52: 83.343949
B53: =B52+1% -> 0.0766 | C53: 46.073641 | D53: 48.572908 | E53: 51.44744 | F53: 54.788616 | G53: 58.720106 | H53: 63.413513
B54: =B53+1% -> 0.0866 | C54: 38.116582 | D54: 39.901459 | E54: 41.919349 | F54: 44.219068 | G54: 46.864089 | H54: 49.938497
B55: =B54+1% -> 0.0966 | C55: 31.81911 | D55: 33.131724 | E55: 34.595909 | F55: 36.23953 | G55: 38.097722 | H55: 40.215438
B56: =B55+1% -> 0.1066 | C56: 26.713503 | D56: 27.701776 | E56: 28.792354 | F56: 30.001991 | G56: 31.351309 | H56: 32.865985
B57: =B56+1% -> 0.1166 | C57: 22.492538 | D57: 23.25112 | E57: 24.080863 | F57: 24.992274 | G57: 25.998034 | H57: 27.113593
B60: EV/EBITDA
B61: =I18 -> 44.155476 | C61: 4 | D61: 5 | E61: 6 | F61: =E61+1 -> 7 | G61: =F61+1 -> 8 | H61: =G61+1 -> 9
B62: 0.0666 | C62: 40.828131 | D62: 47.418992 | E62: 54.009853 | F62: 60.600713 | G62: 67.191574 | H62: 73.782434
B63: =B62+1% -> 0.0766 | C63: 36.845099 | D63: 42.848732 | E63: 48.852365 | F63: 54.855999 | G63: 60.859632 | H63: 66.863266
B64: =B63+1% -> 0.0866 | C64: 33.202714 | D64: 38.676161 | E64: 44.149608 | F64: 49.623055 | G64: 55.096502 | H64: 60.569949
B65: =B64+1% -> 0.0966 | C65: 29.867584 | D65: 34.861894 | E65: 39.856205 | F65: 44.850515 | G65: 49.844825 | H65: 54.839135
B66: =B65+1% -> 0.1066 | C66: 26.809922 | D66: 31.37083 | E66: 35.931737 | F66: 40.492645 | G66: 45.053552 | H66: 49.61446
B67: =B66+1% -> 0.1166 | C67: 24.003128 | D67: 28.171646 | E67: 32.340164 | F67: 36.508682 | G67: 40.6772 | H67: 44.845718

Sheet Comcast - WACC
B2: Comcast - WACC
B4: Comcast Segment | C4: Weight Revenue | E4: Equity Risk Premium | F4: 0.05
B5: Connectivity and Platform | C5: 0.626 | E5: Risk Free Rate | F5: 0.041
B6: Content & Experience | C6: 0.393
B8: Connectivity and Platform | F8: Content & Experience
B9: Company Name | C9: Ticker | D9: Beta | F9: Company Name | G9: Ticker | H9: Beta
B10: AT&T | C10: T | D10: 0.59 | F10: Warner Bros discovery | G10: WBD | H10: 1.61
B11: Verizon | C11: VZ | D11: 0.32 | F11: Fox Corp | G11: FOXA | H11: 0.51
B12: Charter | C12: CHTR | D12: 1.07 | F12: Disney | G12: DIS | H12: 1.5
B13: T-Mobile | C13: TMUS | D13: 0.44 | F13: Median | H13: =MEDIAN(H10:H12) -> 1.5
B14: Median | D14: =MEDIAN(D10:D13) -> 0.515
C17: Weighted Beta | D17: Post-Transaction Debt | E17: Post-Transaction Equity | F17: Debt % | G17: Equity %
B18: Comcast | C18: =D14*C5+C6*H13 -> 0.91189 | D18: ='Comcast - Adjustment'!F75 -> 94193 | E18: ='Comcast - Adjustment'!G6 -> 90667.385 | F18: =D18/(E18+D18) -> 0.50953589 | G18: =1-F18 -> 0.49046411
B20: Levered Beta | C20: =C18*(1+(1-Parent_Marginal_Rate)*(F18/G18)) -> 1.6602957
B21: Cost of Equity | C21: =Risk_Free_Rate+(Equity_Risk_Premium*C20) -> 0.12401478
B23: Cost of Debt - Pre Tax | C23: =Parent_Weighted_Interest -> 0.064
B24: Cost of Debt - After Tax | C24: =C23*(1-Parent_Marginal_Rate) -> 0.05056
B26: Cost of Capital | C26: =C24*F18+C21*G18 -> 0.086586936

Sheet Comcast - SOTP
B3: Comcast - Sum of the Part
B5: Segment | C5: Weight | D5: Estimated 2026 EBITDA | E5: Target Multiple | F5: EV
B6: Connectivity and Platform | C6: 0.7 | D6: =C6*'Comcast - DFCF'!G47 -> 26850.895 | E6: 6.5 | F6: =E6*D6 -> 174530.82
B7: Content & Experiences | C7: 0.3 | D7: =C7*'Comcast - DFCF'!G47 -> 11507.527 | E7: 9 | F7: =E7*D7 -> 103567.74
B8: Summation | E8: =AVERAGE(E6:E7) -> 7.75 | F8: =SUM(F6:F7) -> 278098.56
E10: (-) Net Debt | F10: =-'Comcast - Adjustment'!F75+'Comcast - Adjustment'!F49 -> -84037.514
E11: Equity | F11: =SUM(F8:F10) -> 194061.04
E12: Share | F12: =F11/Parent_Shares -> 53.849745
E14: Discount | F14: =F12*(1-Parent_Implied_Discount) -> 37.694821
E15: Upside from Price | F15: =F14/Parent_Share_Price-1 -> 0.37924703

Sheet Versant
B2: Versant - SubCo - Projection Separated Company
S3: 9M
C4: Historical | F4: Projected | R4: Income Statement 9M | S4: 2024 9M | T4: 2025 9M
B5: Income Statement | C5: 2022 | D5: 2023 | E5: 2024 | F5: 2025 | G5: =F5+1 -> 2026 | H5: =G5+1 -> 2027 | I5: =H5+1 -> 2028 | J5: =I5+1 -> 2029 | R5: =B6 -> (+) Revenue | S5: 5339 | T5: 5078
B6: (+) Revenue | C6: 7834 | D6: 7445 | E6: 7062 | F6: =F94 -> 6638.28 | G6: =G94 -> 6903.8112 | H6: =H94 -> 7249.0018 | I6: =I94 -> 6814.0617 | J6: =J94 -> 6405.218 | R6: =B7 -> (-) Cost of Good Sold | S6: -2395 | T6: -2227
B7: (-) Cost of Good Sold | C7: -3161 | D7: -3154 | E7: -3064 | F7: =F8-F6 -> -2946.5428 | G7: =G8-G6 -> -3133.4426 | H7: =H8-H6 -> -3362.6048 | I7: =I8-I6 -> -3228.9891 | J7: =J8-J6 -> -3099.3019 | R7: Gross Profit | S7: =SUM(S5:S6) -> 2944 | T7: =SUM(T5:T6) -> 2851
B8: Gross Profit | C8: =SUM(C6:C7) -> 4673 | D8: =SUM(D6:D7) -> 4291 | E8: =SUM(E6:E7) -> 3998 | F8: =F97 -> 3691.7372 | G8: =G97 -> 3770.3686 | H8: =H97 -> 3886.397 | I8: =I97 -> 3585.0726 | J8: =J97 -> 3305.916
B10: Operating Expenses | R10: Operating Expenses
B11: (-) SG&A | C11: -1271 | D11: -1231 | E11: -1167 | F11: =-F100 -> -1116.8948 | G11: =-G100 -> -1182.2821 | H11: =-H100 -> -1263.1432 | I11: =-I100 -> -1207.7968 | J11: =-J100 -> -1154.5446 | R11: (-) SG&A | S11: -868 | T11: -1034
B12: (-) Depreciation and Amortization | C12: -992 | D12: -991 | E12: -989 | F12: =-F103 -> -949.57484 | G12: =-G103 -> -1008.2693 | H12: =-H103 -> -1080.4297 | I12: =-I103 -> -1036.0461 | J12: =-J103 -> -993.09902 | R12: (-) Depreciation and Amortization | S12: -745 | T12: -744
B13: Total Operating Expenses | C13: =SUM(C11:C12) -> -2263 | D13: =SUM(D11:D12) -> -2222 | E13: =SUM(E11:E12) -> -2156 | F13: =SUM(F11:F12) -> -2066.4697 | G13: =SUM(G11:G12) -> -2190.5513 | H13: =SUM(H11:H12) -> -2343.5729 | I13: =SUM(I11:I12) -> -2243.8429 | J13: =SUM(J11:J12) -> -2147.6436 | R13: Total Operating Expenses | S13: =SUM(S11:S12) -> -1613 | T13: =SUM(T11:T12) -> -1778
B15: Operating Profit | C15: =C8+C13 -> 2410 | D15: =D8+D13 -> 2069 | E15: =E8+E13 -> 1842 | F15: =F8+F13 -> 1625.2675 | G15: =G8+G13 -> 1579.8172 | H15: =H8+H13 -> 1542.8241 | I15: =I8+I13 -> 1341.2296 | J15: =J8+J13 -> 1158.2724 | R15: Operating Profit | S15: =S13+S7 -> 1331 | T15: =T13+T7 -> 1073
B16: (+/-) Investment and Other Income | C16: -61 | D16: 0 | E16: 1 | F16: =F106 -> 0 | G16: =G106 -> 0 | H16: =H106 -> 0 | I16: =I106 -> 0 | J16: =J106 -> 0 | R16: (+/-) Investment and Other Income | S16: 0 | T16: -40
B17: Earning Before Tax | C17: =C16+C15 -> 2349 | D17: =D16+D15 -> 2069 | E17: =E16+E15 -> 1843 | F17: =F16+F15 -> 1625.2675 | G17: =G16+G15 -> 1579.8172 | H17: =H16+H15 -> 1542.8241 | I17: =I16+I15 -> 1341.2296 | J17: =J16+J15 -> 1158.2724 | R17: Earning Before Tax | S17: =SUM(S15:S16) -> 1331 | T17: =SUM(T15:T16) -> 1033
B18: (-) Income Tax | C18: -591 | D18: -530 | E18: -478 | F18: =-F108 -> -406.31688 | G18: =-G108 -> -394.95431 | H18: =-H108 -> -385.70602 | I18: =-I108 -> -335.30741 | J18: =-J108 -> -289.56809 | R18: (-) Income Tax | S18: -345 | T18: -283
B19: Net Income | C19: =SUM(C17:C18) -> 1758 | D19: =SUM(D17:D18) -> 1539 | E19: =SUM(E17:E18) -> 1365 | F19: =SUM(F17:F18) -> 1218.9506 | G19: =SUM(G17:G18) -> 1184.8629 | H19: =SUM(H17:H18) -> 1157.1181 | I19: =SUM(I17:I18) -> 1005.9222 | J19: =SUM(J17:J18) -> 868.70428 | R19: Net Income | S19: =SUM(S17:S18) -> 986 | T19: =SUM(T17:T18) -> 750
B20: (-) Attributable to Non-controlling | C20: -6 | D20: 0 | E20: 2 | F20: =F111 -> 0 | G20: =G111 -> 0 | H20: =H111 -> 0 | I20: =I111 -> 0 | J20: =J111 -> 0 | R20: =B20 -> (-) Attributable to Non-controlling | S20: 1 | T20: 0
B21: Net Income Attributable to Parent | C21: =SUM(C19:C20) -> 1752 | D21: =SUM(D19:D20) -> 1539 | E21: =SUM(E19:E20) -> 1367 | F21: =SUM(F19:F20) -> 1218.9506 | G21: =SUM(G19:G20) -> 1184.8629 | H21: =SUM(H19:H20) -> 1157.1181 | I21: =SUM(I19:I20) -> 1005.9222 | J21: =SUM(J19:J20) -> 868.70428 | R21: Net Income Attributable to Parent | S21: =SUM(S19:S20) -> 987 | T21: =SUM(T19:T20) -> 750
C23: Historical | F23: Projected | S23: 9M
B24: Cashflow Statement | C24: 2022 | D24: 2023 | E24: 2024 | F24: 2025 | G24: =F24+1 -> 2026 | H24: =G24+1 -> 2027 | I24: =H24+1 -> 2028 | J24: =I24+1 -> 2029 | R24: Cashflow Statement | S24: =S4 -> 2024 9M | T24: =T4 -> 2025 9M
B25: Net Income | C25: =C19 -> 1758 | D25: =D19 -> 1539 | E25: =E19 -> 1365 | F25: =F19 -> 1218.9506 | G25: =G19 -> 1184.8629 | H25: =H19 -> 1157.1181 | I25: =I19 -> 1005.9222 | J25: =J19 -> 868.70428 | R25: =B25 -> Net Income | S25: =S19 -> 986 | T25: =T19 -> 750
B26: Non-Cash Adjustments | R26: =B26 -> Non-Cash Adjustments
B27: (+) D&A | C27: =-C12 -> 992 | D27: =-D12 -> 991 | E27: =-E12 -> 989 | F27: =-F12 -> 949.57484 | G27: =-G12 -> 1008.2693 | H27: =-H12 -> 1080.4297 | I27: =-I12 -> 1036.0461 | J27: =-J12 -> 993.09902 | R27: =B27 -> (+) D&A | S27: =-S12 -> 745 | T27: =-T12 -> 744
B28: (+) Shared Based Compesation | C28: 17 | D28: 15 | E28: 16 | F28: =F115 -> 16 | G28: =G115 -> 16 | H28: =H115 -> 16 | I28: =I115 -> 16 | J28: =J115 -> 16 | R28: =B28 -> (+) Shared Based Compesation | S28: 12 | T28: 21
B29: (+/-) Net Gain / Loss on investment | C29: 62 | D29: 1 | E29: 0 | F29: =F116 -> 0 | G29: =G116 -> 0 | H29: =H116 -> 0 | I29: =I116 -> 0 | J29: =J116 -> 0 | R29: =B29 -> (+/-) Net Gain / Loss on investment | S29: 1 | T29: 41
B30: (+/-) Deferred Income Taxes | C30: -151 | D30: -135 | E30: -145 | F30: =F118 -> -121.89506 | G30: =G118 -> -78.990862 | H30: =H118 -> -38.570602 | I30: =I118 -> 0 | J30: =J118 -> 28.956809 | R30: =B30 -> (+/-) Deferred Income Taxes | S30: -105 | T30: -94
B31: Change in Working Capital | R31: =B31 -> Change in Working Capital
B32: (+/-) Change in Receivables | C32: -62 | D32: 41 | E32: 100 | F32: =E56-F56 -> 101.25312 | G32: =F56-G56 -> -18.13463 | H32: =G56-H56 -> -29.098068 | I32: =H56-I56 -> 98.715021 | J32: =I56-J56 -> 91.156745 | R32: =B32 -> (+/-) Change in Receivables | S32: 57 | T32: 48
B33: (+/-) Change in Content Cost | C33: -42 | D33: 155 | E33: 68 | F33: =E61-F61 -> 64.89312 | G33: =F61-G61 -> 4.6509696 | H33: =G61-H61 -> 0.52321152 | I33: =H61-I61 -> 61.392209 | J33: =I61-J61 -> 56.073301 | R33: =B33 -> (+/-) Change in Content Cost | S33: 53 | T33: 63
B34: (+/-) Change in Account Payables | C34: -48 | D34: -12 | E34: -3 | F34: =F72-E72 -> -4.2559841 | G34: =G72-F72 -> 5.8690623 | H34: =H72-G72 -> 7.2379206 | I34: =I72-H72 -> -4.7172292 | J34: =J72-I72 -> -4.5502253 | R34: =B34 -> (+/-) Change in Account Payables | S34: -21 | T34: -7
B35: (+/-) Other Assets/Liabilities | C35: -15 | D35: -167 | E35: -179 | F35: =E65-F65+F73-E73+F74-E74+F75-E75+F80-E80+F81-E81 -> -20.063994 | G35: =F65-G65+G73-F73+G74-F74+G75-F75+G80-F80+G81-F81 -> 30.305029 | H35: =G65-H65+H73-G73+H74-G74+H75-G75+H80-G80+H81-G81 -> 36.681598 | I35: =H65-I65+I73-H73+I74-H74+I75-H75+I80-H80+I81-H81 -> -23.810482 | J35: =I65-J65+J73-I73+J74-I74+J75-I75+J80-I80+J81-I81 -> -23.454152 | R35: =B35 -> (+/-) Other Assets/Liabilities | S35: -126 | T35: -20
B36: Net Change from Working Capital | C36: =SUM(C32:C35) -> -167 | D36: =SUM(D32:D35) -> 17 | E36: =SUM(E32:E35) -> -14 | F36: =SUM(F32:F35) -> 141.82626 | G36: =SUM(G32:G35) -> 22.69043 | H36: =SUM(H32:H35) -> 15.344661 | I36: =SUM(I32:I35) -> 131.57952 | J36: =SUM(J32:J35) -> 119.22567 | R36: =B36 -> Net Change from Working Capital | S36: =SUM(S32:S35) -> -37 | T36: =SUM(T32:T35) -> 84
B37: Cash from Operations | C37: =C36+SUM(C25:C30) -> 2511 | D37: =D36+SUM(D25:D30) -> 2428 | E37: =E36+SUM(E25:E30) -> 2211 | F37: =F36+SUM(F25:F30) -> 2204.4567 | G37: =G36+SUM(G25:G30) -> 2152.8318 | H37: =H36+SUM(H25:H30) -> 2230.3219 | I37: =I36+SUM(I25:I30) -> 2189.5479 | J37: =J36+SUM(J25:J30) -> 2025.9858 | R37: =B37 -> Cash from Operations | S37: =S36+SUM(S25:S30) -> 1602 | T37: =T36+SUM(T25:T30) -> 1546
B39: (-) CAPEX | C39: -65 | D39: -56 | E39: -54 | F39: =-F121 -> -49.7871 | G39: =-G121 -> -51.778584 | H39: =-H121 -> -54.367513 | I39: =-I121 -> -51.105462 | J39: =-J121 -> -48.039135 | R39: =B39 -> (-) CAPEX | S39: -37 | T39: -121
B40: (-) Other Investment | C40: 27 | D40: -4 | E40: -17 | F40: =F124 -> -5 | G40: =G124 -> -5 | H40: =H124 -> -5 | I40: =I124 -> -5 | J40: =J124 -> -5 | R40: =B40 -> (-) Other Investment | S40: -15 | T40: 35
B41: Cash from Investing | C41: =SUM(C39:C40) -> -38 | D41: =SUM(D39:D40) -> -60 | E41: =SUM(E39:E40) -> -71 | F41: =SUM(F39:F40) -> -54.7871 | G41: =SUM(G39:G40) -> -56.778584 | H41: =SUM(H39:H40) -> -59.367513 | I41: =SUM(I39:I40) -> -56.105462 | J41: =SUM(J39:J40) -> -53.039135 | R41: =B41 -> Cash from Investing | S41: =SUM(S39:S40) -> -52 | T41: =SUM(T39:T40) -> -86
B43: (-) Change in Net Parent Investment | C43: -2492 | D43: -2359 | E43: -2142 | F43: =-F126 -> -2076.1686 | G43: =-G126 -> -2159.2154 | H43: =-H126 -> -2267.1762 | I43: =-I126 -> -2131.1456 | J43: =-J126 -> -2003.2769 | R43: =B43 -> (-) Change in Net Parent Investment | S43: -1535 | T43: -1401
B44: (+/-) Other | C44: 6 | D44: 4 | E44: -12 | F44: =F129 -> -0.66666667 | G44: =G129 -> -0.66666667 | H44: =H129 -> -0.66666667 | I44: =I129 -> -0.66666667 | J44: =J129 -> -0.66666667 | R44: =B44 -> (+/-) Other | S44: -18 | T44: -12
B45: Cash from Financing | C45: =SUM(C43:C44) -> -2486 | D45: =SUM(D43:D44) -> -2355 | E45: =SUM(E43:E44) -> -2154 | F45: =SUM(F43:F44) -> -2076.8353 | G45: =SUM(G43:G44) -> -2159.8821 | H45: =SUM(H43:H44) -> -2267.8428 | I45: =SUM(I43:I44) -> -2131.8123 | J45: =SUM(J43:J44) -> -2003.9435 | R45: =B45 -> Cash from Financing | S45: =SUM(S43:S44) -> -1553 | T45: =SUM(T43:T44) -> -1413
B47: Net Change | C47: =C37+C41+C45 -> -13 | D47: =D37+D41+D45 -> 13 | E47: =E37+E41+E45 -> -14 | F47: =F37+F41+F45 -> 72.834269 | G47: =G37+G41+G45 -> -63.828872 | H47: =H37+H41+H45 -> -96.888485 | I47: =I37+I41+I45 -> 1.6301722 | J47: =J37+J41+J45 -> -30.996869
B48: Beginning Cash | F48: =E55 -> 8 | G48: =F49 -> 80.834269 | H48: =G49 -> 17.005397 | I48: =H49 -> -79.883089 | J48: =I49 -> -78.252916
B49: Ending Cash | F49: =SUM(F47:F48) -> 80.834269 | G49: =SUM(G47:G48) -> 17.005397 | H49: =SUM(H47:H48) -> -79.883089 | I49: =SUM(I47:I48) -> -78.252916 | J49: =SUM(J47:J48) -> -109.24979
C51: Historical | F51: Projected | S51: 9M
B52: Balance Sheet | C52: 2022 | D52: 2023 | E52: 2024 | F52: 2025 | G52: =F52+1 -> 2026 | H52: =G52+1 -> 2027 | I52: =H52+1 -> 2028 | J52: =I52+1 -> 2029 | R52: Balance Sheet | T52: =T24 -> 2025 9M
B53: Assets | R53: Assets
B54: Current Assets | R54: =B54 -> Current Assets
B55: Cash and Cash Equivalents | D55: 23 | E55: 8 | F55: =F49 -> 80.834269 | G55: =G49 -> 17.005397 | H55: =H49 -> -79.883089 | I55: =I49 -> -78.252916 | J55: =J49 -> -109.24979 | R55: =B55 -> Cash and Cash Equivalents | T55: 56
B56: Trade Receivable | D56: 1346 | E56: 1245 | F56: =F133 -> 1143.7469 | G56: =G133 -> 1161.8815 | H56: =H133 -> 1190.9796 | I56: =I133 -> 1092.2646 | J56: =J133 -> 1001.1078 | R56: =B56 -> Trade Receivable | T56: 1194
B57: Other Current Assets | D57: 53 | E57: 64 | F57: =F136 -> 63.47914 | G57: =G136 -> 69.470211 | H57: =H136 -> 76.568223 | I57: =I136 -> 75.38116 | J57: =J136 -> 74.060899 | R57: =B57 -> Other Current Assets | T57: 49
B58: Total Current Assets | D58: =SUM(D55:D57) -> 1422 | E58: =SUM(E55:E57) -> 1317 | F58: =SUM(F55:F57) -> 1288.0603 | G58: =SUM(G55:G57) -> 1248.3571 | H58: =SUM(H55:H57) -> 1187.6647 | I58: =SUM(I55:I57) -> 1089.3928 | J58: =SUM(J55:J57) -> 965.91893 | R58: =B58 -> Total Current Assets | T58: =SUM(T55:T57) -> 1299
B60: Non-Current Assets | R60: =B60 -> Non-Current Assets
B61: Content Cost | D61: 706 | E61: 639 | F61: =F139 -> 574.10688 | G61: =G139 -> 569.45591 | H61: =H139 -> 568.9327 | I61: =I139 -> 507.54049 | J61: =J139 -> 451.46719 | R61: =B61 -> Content Cost | T61: 575
B62: Investment | D62: 254 | E62: 254 | F62: =E62-F40 -> 259 | G62: =F62-G40 -> 264 | H62: =G62-H40 -> 269 | I62: =H62-I40 -> 274 | J62: =I62-J40 -> 279 | R62: =B62 -> Investment | T62: 212
B63: Intangible Assets (incl. PP&E | D63: =2795+161 -> 2956 | E63: =1869+143 -> 2012 | F63: =E63-F39 -> 2061.7871 | G63: =F63-G39 -> 2113.5657 | H63: =G63-H39 -> 2167.9332 | I63: =H63-I39 -> 2219.0387 | J63: =I63-J39 -> 2267.0778 | R63: =B63 -> Intangible Assets (incl. PP&E | T63: =1170+228 -> 1398
B64: Goodwill | D64: 7732 | E64: 7732 | F64: =E64+F12 -> 6782.4252 | G64: =F64+G12 -> 5774.1559 | H64: =G64+H12 -> 4693.7262 | I64: =H64+I12 -> 3657.68 | J64: =I64+J12 -> 2664.581 | R64: =B64 -> Goodwill | T64: 7732
B65: Other Non-Current Assets | D65: 29 | E65: 94 | F65: =F142 -> 101.63656 | G65: =G142 -> 119.50964 | H65: =H142 -> 139.98313 | I65: =I142 -> 145.21227 | J65: =J142 -> 149.30997 | R65: =B65 -> Other Non-Current Assets | T65: 94
B66: Total Non-Current Assets | D66: =SUM(D61:D65) -> 11677 | E66: =SUM(E61:E65) -> 10731 | F66: =SUM(F61:F65) -> 9778.9557 | G66: =SUM(G61:G65) -> 8840.6871 | H66: =SUM(H61:H65) -> 7839.5752 | I66: =SUM(I61:I65) -> 6803.4714 | J66: =SUM(J61:J65) -> 5811.4359 | R66: =B66 -> Total Non-Current Assets | T66: =SUM(T61:T65) -> 10011
B68: Total Assets | D68: =D58+D66 -> 13099 | E68: =E58+E66 -> 12048 | F68: =F58+F66 -> 11067.016 | G68: =G58+G66 -> 10089.044 | H68: =H58+H66 -> 9027.2399 | I68: =I58+I66 -> 7892.8642 | J68: =J58+J66 -> 6777.3549 | R68: =B68 -> Total Assets | T68: =T66+T58 -> 11310
B70: Liabilities & Equity | R70: Liabilities & Equity
B71: Current Liabilities | R71: =B71 -> Current Liabilities
B72: Account Payable | D72: 105 | E72: 102 | F72: =F145 -> 97.744016 | G72: =G145 -> 103.61308 | H72: =H145 -> 110.851 | I72: =I145 -> 106.13377 | J72: =J145 -> 101.58354 | R72: =B72 -> Account Payable | T72: 98
B73: Deferred Revenue | D73: 116 | E73: 135 | F73: =F148 -> 153.45312 | G73: =G148 -> 187.20649 | H73: =H148 -> 225.56282 | I73: =I148 -> 239.2853 | J73: =J148 -> 250.54905 | R73: =B73 -> Deferred Revenue | T73: 174
B74: Accrued Content Obligation | D74: 233 | E74: 198 | F74: =F151 -> 181.57012 | G74: =G151 -> 183.68682 | H74: =H151 -> 187.03282 | I74: =I151 -> 169.91396 | J74: =J151 -> 153.79173 | R74: =B74 -> Accrued Content Obligation | T74: 154
B75: Accrued | D75: =43+118 -> 161 | E75: =43+111 -> 154 | F75: =F154 -> 146.57174 | G75: =G154 -> 154.2774 | H75: =H154 -> 163.88271 | I75: =I154 -> 155.78681 | J75: =J154 -> 148.03401 | R75: =B75 -> Accrued | T75: =63+107 -> 170
B76: Total Current Liabilities | D76: =SUM(D72:D75) -> 615 | E76: =SUM(E72:E75) -> 589 | F76: =SUM(F72:F75) -> 579.339 | G76: =SUM(G72:G75) -> 628.78379 | H76: =SUM(H72:H75) -> 687.32934 | I76: =SUM(I72:I75) -> 671.11983 | J76: =SUM(J72:J75) -> 653.95834 | R76: =B76 -> Total Current Liabilities | T76: =SUM(T72:T75) -> 596
B78: Non-Current Liabilities | R78: =B78 -> Non-Current Liabilities
B79: Deferred Income Tax | D79: 572 | E79: 428 | F79: =E79+F30 -> 306.10494 | G79: =F79+G30 -> 227.11407 | H79: =G79+H30 -> 188.54347 | I79: =H79+I30 -> 188.54347 | J79: =I79+J30 -> 217.50028 | R79: =B79 -> Deferred Income Tax | T79: 322
B80: Non-Current Content Obligation | D80: 191 | E80: 77 | F80: =F157 -> 73.66357 | G80: =G157 -> 78.336066 | H80: =H157 -> 84.065119 | I80: =I157 -> 80.724728 | J80: =J157 -> 77.482548 | R80: =B80 -> Non-Current Content Obligation | T80: 66
B81: Other Liabilities | D81: 46 | E81: 39 | F81: =F160 -> 35.314012 | G81: =G160 -> 35.243898 | H81: =H160 -> 35.362298 | I81: =I160 -> 31.613623 | J81: =J160 -> 28.110623 | R81: =B81 -> Other Liabilities | T81: 37
B82: Total Non-Current Liabilities | D82: =SUM(D79:D81) -> 809 | E82: =SUM(E79:E81) -> 544 | F82: =SUM(F79:F81) -> 415.08252 | G82: =SUM(G79:G81) -> 340.69404 | H82: =SUM(H79:H81) -> 307.97089 | I82: =SUM(I79:I81) -> 300.88182 | J82: =SUM(J79:J81) -> 323.09345 | R82: =B82 -> Total Non-Current Liabilities | T82: =SUM(T79:T81) -> 425
B84: Total Liabilities | D84: =D76+D82 -> 1424 | E84: =E76+E82 -> 1133 | F84: =F76+F82 -> 994.42152 | G84: =G76+G82 -> 969.47783 | H84: =H76+H82 -> 995.30023 | I84: =I76+I82 -> 972.00166 | J84: =J76+J82 -> 977.05179 | R84: =B84 -> Total Liabilities | T84: =T82+T76 -> 1021
B86: (+) Common Stockholder Equity | D86: 11558 | E86: 10797 | F86: =E86+F19+F43+F28+F44 -> 9955.1153 | G86: =F86+G19+G43+G28+G44 -> 8996.0962 | H86: =G86+H19+H43+H28+H44 -> 7901.3714 | I86: =H86+I19+I43+I28+I44 -> 6791.4814 | J86: =I86+J19+J43+J28+J44 -> 5672.2422 | R86: (+) Common Stockholder Equity | T86: 10170
B87: (+) Non-Controlling Interest | D87: 117 | E87: 118 | F87: =E87+F20 -> 118 | G87: =F87+G20 -> 118 | H87: =G87+H20 -> 118 | I87: =H87+I20 -> 118 | J87: =I87+J20 -> 118 | R87: (+) Non-controlling Interest | T87: 119
B88: Equity | D88: =SUM(D86:D87) -> 11675 | E88: =SUM(E86:E87) -> 10915 | F88: =SUM(F86:F87) -> 10073.115 | G88: =SUM(G86:G87) -> 9114.0962 | H88: =SUM(H86:H87) -> 8019.3714 | I88: =SUM(I86:I87) -> 6909.4814 | J88: =SUM(J86:J87) -> 5790.2422 | R88: =B88 -> Equity | T88: =SUM(T86:T87) -> 10289
B90: Balance Check | D90: =IF(AND(D68-D84-D88<1,D68-D84-D88>-1), "OK!",D68-D84-D88) -> OK! | E90: =IF(AND(E68-E84-E88<1,E68-E84-E88>-1), "OK!",E68-E84-E88) -> OK! | F90: =IF(AND(F68-F84-F88<1,F68-F84-F88>-1), "OK!",F68-F84-F88) -> OK! | G90: =IF(AND(G68-G84-G88<1,G68-G84-G88>-1), "OK!",G68-G84-G88) -> 5.4702112 | H90: =IF(AND(H68-H84-H88<1,H68-H84-H88>-1), "OK!",H68-H84-H88) -> 12.568223 | I90: =IF(AND(I68-I84-I88<1,I68-I84-I88>-1), "OK!",I68-I84-I88) -> 11.38116 | J90: =IF(AND(J68-J84-J88<1,J68-J84-J88>-1), "OK!",J68-J84-J88) -> 10.060899
C92: Historical | F92: Projected
B93: Income Statement Drivers | C93: 2022 | D93: 2023 | E93: 2024 | F93: 2025 | G93: =F93+1 -> 2026 | H93: =G93+1 -> 2027 | I93: =H93+1 -> 2028 | J93: =I93+1 -> 2029
B94: Revenue | C94: =C6 -> 7834 | D94: =D6 -> 7445 | E94: =E6 -> 7062 | F94: =E94*(1+F95) -> 6638.28 | G94: =F94*(1+G95) -> 6903.8112 | H94: =G94*(1+H95) -> 7249.0018 | I94: =H94*(1+I95) -> 6814.0617 | J94: =I94*(1+J95) -> 6405.218
B95: Growth | D95: =D6/C6-1 -> -0.049655348 | E95: =E6/D6-1 -> -0.051443922 | F95: -0.06 | G95: 0.04 | H95: 0.05 | I95: -0.06 | J95: -0.06
B97: Gross Profit | C97: =C8 -> 4673 | D97: =D8 -> 4291 | E97: =E8 -> 3998 | F97: =F98*F94 -> 3691.7372 | G97: =G98*G94 -> 3770.3686 | H97: =H98*H94 -> 3886.397 | I97: =I98*I94 -> 3585.0726 | J97: =J98*J94 -> 3305.916
B98: Gross Margin | C98: =C97/C94 -> 0.59650243 | D98: =D97/D94 -> 0.57635997 | E98: =E97/E94 -> 0.56612858 | F98: =E98-1% -> 0.55612858 | G98: =F98-1% -> 0.54612858 | H98: =G98-1% -> 0.53612858 | I98: =H98-1% -> 0.52612858 | J98: =I98-1% -> 0.51612858
B100: SG&A | C100: =-C11 -> 1271 | D100: =-D11 -> 1231 | E100: =-E11 -> 1167 | F100: =F101*F94 -> 1116.8948 | G100: =G101*G94 -> 1182.2821 | H100: =H101*H94 -> 1263.1432 | I100: =I101*I94 -> 1207.7968 | J100: =J101*J94 -> 1154.5446
B101: % Revenue | C101: =C100/C6 -> 0.16224151 | D101: =D100/D6 -> 0.16534587 | E101: =E100/E6 -> 0.16525064 | F101: =E101+0.3% -> 0.16825064 | G101: =F101+0.3% -> 0.17125064 | H101: =G101+0.3% -> 0.17425064 | I101: =H101+0.3% -> 0.17725064 | J101: =I101+0.3% -> 0.18025064
B103: D&A | C103: =-C12 -> 992 | D103: =-D12 -> 991 | E103: =-E12 -> 989 | F103: =F104*F94 -> 949.57484 | G103: =G104*G94 -> 1008.2693 | H103: =H104*H94 -> 1080.4297 | I103: =I104*I94 -> 1036.0461 | J103: =J104*J94 -> 993.09902
B104: % Revenue | C104: =C103/C6 -> 0.12662752 | D104: =D103/D6 -> 0.13310947 | E104: =E103/E6 -> 0.14004531 | F104: =E104+0.3% -> 0.14304531 | G104: =F104+0.3% -> 0.14604531 | H104: =G104+0.3% -> 0.14904531 | I104: =H104+0.3% -> 0.15204531 | J104: =I104+0.3% -> 0.15504531
B106: Investment and Other Income | C106: =C16 -> -61 | D106: =D16 -> 0 | E106: =E16 -> 1 | F106: 0 | G106: 0 | H106: 0 | I106: 0 | J106: 0
B108: Tax | C108: =-C18 -> 591 | D108: =-D18 -> 530 | E108: =-E18 -> 478 | F108: =F109*F17 -> 406.31688 | G108: =G109*G17 -> 394.95431 | H108: =H109*H17 -> 385.70602 | I108: =I109*I17 -> 335.30741 | J108: =J109*J17 -> 289.56809
B109: % Effective Tax Rate | C109: =C108/C17 -> 0.25159642 | D109: =D108/D17 -> 0.2561624 | E109: =E108/E17 -> 0.25935974 | F109: 0.25 | G109: 0.25 | H109: 0.25 | I109: 0.25 | J109: 0.25
B111: Attributable to Non-controlling | C111: =C20 -> -6 | D111: =D20 -> 0 | E111: =E20 -> 2 | F111: 0 | G111: 0 | H111: 0 | I111: 0 | J111: 0
C113: Historical | F113: Projected
B114: Cashflow Statement Drivers | C114: 2022 | D114: 2023 | E114: 2024 | F114: 2025 | G114: =F114+1 -> 2026 | H114: =G114+1 -> 2027 | I114: =H114+1 -> 2028 | J114: =I114+1 -> 2029
B115: Share Based Compeastion | C115: =C28 -> 17 | D115: =D28 -> 15 | E115: =E28 -> 16 | F115: =E115 -> 16 | G115: =F115 -> 16 | H115: =G115 -> 16 | I115: =H115 -> 16 | J115: =I115 -> 16
B116: Net Gain / Loss on investment | C116: =C29 -> 62 | D116: =D29 -> 1 | E116: =E29 -> 0 | F116: 0 | G116: 0 | H116: 0 | I116: 0 | J116: 0
B118: Deferred Income Tax | C118: =C30 -> -151 | D118: =D30 -> -135 | E118: =E30 -> -145 | F118: =F119*F18 -> -121.89506 | G118: =G119*G18 -> -78.990862 | H118: =H119*H18 -> -38.570602 | I118: =I119*I18 -> 0 | J118: =J119*J18 -> 28.956809
B119: Deferred Income Tax as % Book Tax | C119: =C118/C18 -> 0.25549915 | D119: =D118/D18 -> 0.25471698 | E119: =E118/E18 -> 0.30334728 | F119: 0.3 | G119: =F119-10% -> 0.2 | H119: =G119-10% -> 0.1 | I119: =H119-10% -> 0 | J119: =I119-10% -> -0.1
B121: CAPEX | C121: =-C39 -> 65 | D121: =-D39 -> 56 | E121: =-E39 -> 54 | F121: =F122*F6 -> 49.7871 | G121: =G122*G6 -> 51.778584 | H121: =H122*H6 -> 54.367513 | I121: =I122*I6 -> 51.105462 | J121: =J122*J6 -> 48.039135
B122: % Revenue | C122: =-C39/C6 -> 0.0082971662 | D122: =-D39/D6 -> 0.0075218267 | E122: =-E39/E6 -> 0.007646559 | F122: 0.0075 | G122: 0.0075 | H122: 0.0075 | I122: 0.0075 | J122: 0.0075
B124: Other Investment | C124: =C40 -> 27 | D124: =D40 -> -4 | E124: =E40 -> -17 | F124: -5 | G124: -5 | H124: -5 | I124: -5 | J124: -5
B126: Change in Net Parent Investment | C126: =-C43 -> 2492 | D126: =-D43 -> 2359 | E126: =-E43 -> 2142 | F126: =F127*F6 -> 2076.1686 | G126: =G127*G6 -> 2159.2154 | H126: =H127*H6 -> 2267.1762 | I126: =I127*I6 -> 2131.1456 | J126: =J127*J6 -> 2003.2769
B127: % Revenue | C127: =C126/C6 -> 0.31810059 | D127: =D126/D6 -> 0.31685695 | E127: =E126/E6 -> 0.30331351 | F127: =AVERAGE(C127:E127) -> 0.31275702 | G127: =F127 -> 0.31275702 | H127: =G127 -> 0.31275702 | I127: =H127 -> 0.31275702 | J127: =I127 -> 0.31275702
...

Sheet Versant - Adjustment
B2: Versant - Transaction Adjustments
B4: Transaction Assumptions | G4: Pro Forma Adjustment
B5: Distribution Ratio | C5: =1/25 -> 0.04 | G5: SubCo Overhead % Revenue | J5: 0.07
B6: Shares of New Company | C6: =C5*Parent_Shares -> 144.15002 | G6: Additional CAPEX | J6: 98
B7: Market Cap | C7: =C8*C6 -> 7823.1153
B8: Price of Share at Distribution Time | C8: =F85/C6 -> 54.270651 | G8: New Debt Proceeds | J8: 3000
G9: Debt Fee | J9: 45
B10: Special Cash to Comcast | C10: 2250 | G10: Interest Rate | J10: 0.0725
B12: Transaction Cost | C12: 37 | G12: Cash Before Transaction | J12: =C53 -> 80.834269
G13: (-) Payment to Parent | J13: =-C10 -> -2250
B14: Marginal Tax Rate | C14: 0.25 | G14: (+) Debt Proceeds | J14: =J8 -> 3000
G15: (-) Debt Fee | J15: =-J9 -> -45
G16: Cash Ending Transaction | J16: =SUM(J12:J15) -> 785.83427
B17: Post-Transaction Equity | C17: =SubCo_Market_Cap -> 7823.1153
B18: (-) Cash | C18: =F53 -> 785.83427
B19: (+) Debt | C19: =F80 -> 2955
B20: (+) Non-Controlling Interest | C20: =F84 -> 118
B21: (-) Investments | C21: =-F60 -> -259
B22: Post-Transaction Enterprise Value | C22: =SUM(C17:C21) -> 11422.95
D26: Transaction Adjusments | G26: Separated Company
B27: SubCo - Adjusted Income Statement | C27: =DATE(2025, 12,31) -> 46022 | D27: Debit | E27: Credit | F27: =C27 -> 46022 | G27: =EOMONTH(F27,12) -> 46387 | H27: =EOMONTH(G27,12) -> 46752 | I27: =EOMONTH(H27,12) -> 47118 | J27: =EOMONTH(I27,12) -> 47483
B28: (+) Revenue | C28: =Versant!F6 -> 6638.28 | G28: =Versant!G6 -> 6903.8112 | H28: =Versant!H6 -> 7249.0018 | I28: =Versant!I6 -> 6814.0617 | J28: =Versant!J6 -> 6405.218
B29: (-) Cost of Good Sold | C29: =Versant!F7 -> -2946.5428 | G29: =Versant!G7 -> -3133.4426 | H29: =Versant!H7 -> -3362.6048 | I29: =Versant!I7 -> -3228.9891 | J29: =Versant!J7 -> -3099.3019
B30: Post Transaction - Gross Profit | C30: =SUM(C28:C29) -> 3691.7372 | G30: =SUM(G28:G29) -> 3770.3686 | H30: =SUM(H28:H29) -> 3886.397 | I30: =SUM(I28:I29) -> 3585.0726 | J30: =SUM(J28:J29) -> 3305.916
B32: Operating Expenses
B33: (-) SG&A | C33: =Versant!F11 -> -1116.8948 | G33: =Versant!G11 -> -1182.2821 | H33: =Versant!H11 -> -1263.1432 | I33: =Versant!I11 -> -1207.7968 | J33: =Versant!J11 -> -1154.5446
B34: (-) One Time Fee | C34: 0 | G34: =-Transaction_Cost -> -37 | H34: 0 | I34: 0 | J34: 0
B35: (-) Additional SG&A | C35: 0 | G35: =G28*-$J$5 -> -483.26678 | H35: =H28*-$J$5 -> -507.43012 | I35: =I28*-$J$5 -> -476.98432 | J35: =J28*-$J$5 -> -448.36526
B36: (-) Depreciation and Amortization | C36: =Versant!F12 -> -949.57484 | G36: =Versant!G12 -> -1008.2693 | H36: =Versant!H12 -> -1080.4297 | I36: =Versant!I12 -> -1036.0461 | J36: =Versant!J12 -> -993.09902
B37: Post Transaction - Total Operating Expenses | C37: =SUM(C33:C36) -> -2066.4697 | G37: =SUM(G33:G36) -> -2710.8181 | H37: =SUM(H33:H36) -> -2851.003 | I37: =SUM(I33:I36) -> -2720.8272 | J37: =SUM(J33:J36) -> -2596.0089
B39: Operating Profit | C39: =C37+C30 -> 1625.2675 | G39: =G37+G30 -> 1059.5505 | H39: =H37+H30 -> 1035.394 | I39: =I37+I30 -> 864.24533 | J39: =J37+J30 -> 709.90712
B40: (+/-) Investment and Other Income | C40: =Versant!F16 -> 0 | G40: =Versant!G16 -> 0 | H40: =Versant!H16 -> 0 | I40: =Versant!I16 -> 0 | J40: =Versant!J16 -> 0
B41: (-) Interest Expenses | C41: 0 | G41: =-$J$10*F80 -> -214.2375 | H41: =-$J$10*G80 -> -214.2375 | I41: =-$J$10*H80 -> -214.2375 | J41: =-$J$10*I80 -> -214.2375
B42: Earning Before Tax | C42: =C40+C39 -> 1625.2675 | G42: =SUM(G39:G41) -> 845.31296 | H42: =SUM(H39:H41) -> 821.15645 | I42: =SUM(I39:I41) -> 650.00783 | J42: =SUM(J39:J41) -> 495.66962
B43: (-) Tax | C43: =Versant!F18 -> -406.31688 | G43: =-G42*SubCo_Marginal_Tax_Rate -> -211.32824 | H43: =-H42*SubCo_Marginal_Tax_Rate -> -205.28911 | I43: =-I42*SubCo_Marginal_Tax_Rate -> -162.50196 | J43: =-J42*SubCo_Marginal_Tax_Rate -> -123.91741
B44: Net Income | C44: =C42+C43 -> 1218.9506 | G44: =G42+G43 -> 633.98472 | H44: =H42+H43 -> 615.86734 | I44: =I42+I43 -> 487.50587 | J44: =J42+J43 -> 371.75222
B45: (-) Attributable to Non-controlling | C45: =Versant!F20 -> 0 | G45: =Versant!G20 -> 0 | H45: =Versant!H20 -> 0 | I45: =Versant!I20 -> 0 | J45: =Versant!J20 -> 0
B46: Post Transaction - Net Income Attributable to Parent | C46: =SUM(C44:C45) -> 1218.9506 | G46: =SUM(G44:G45) -> 633.98472 | H46: =SUM(H44:H45) -> 615.86734 | I46: =SUM(I44:I45) -> 487.50587 | J46: =SUM(J44:J45) -> 371.75222
D49: Transaction Adjusments | G49: Separated Company
B50: SubCo - Adjusted Balance Sheet | C50: =C27 -> 46022 | D50: Debit | E50: Credit | F50: =F27 -> 46022 | G50: =G27 -> 46387 | H50: =H27 -> 46752 | I50: =I27 -> 47118 | J50: =J27 -> 47483
B51: Assets
B52: Current Assets
B53: Cash and Cash Equivalents | C53: =Versant!F55 -> 80.834269 | D53: =J14 -> 3000 | E53: =J13+J15 -> -2295 | F53: =SUM(C53:E53) -> 785.83427 | G53: =G118 -> 1954.3815 | H53: =H118 -> 3176.0879 | I53: =I118 -> 4375.042 | J53: =J118 -> 5452.6055
B54: Trade Receivables | C54: =Versant!F56 -> 1143.7469 | D54: 0 | E54: 0 | F54: =SUM(C54:E54) -> 1143.7469 | G54: =Versant!G56 -> 1161.8815 | H54: =Versant!H56 -> 1190.9796 | I54: =Versant!I56 -> 1092.2646 | J54: =Versant!J56 -> 1001.1078
B55: Other Current Assets | C55: =Versant!F57 -> 63.47914 | D55: 0 | E55: 0 | F55: =SUM(C55:E55) -> 63.47914 | G55: =Versant!G57 -> 69.470211 | H55: =Versant!H57 -> 76.568223 | I55: =Versant!I57 -> 75.38116 | J55: =Versant!J57 -> 74.060899
B56: Total Current Assets | C56: =SUM(C53:C55) -> 1288.0603 | F56: =SUM(F53:F55) -> 1993.0603 | G56: =SUM(G53:G55) -> 3185.7332 | H56: =SUM(H53:H55) -> 4443.6357 | I56: =SUM(I53:I55) -> 5542.6877 | J56: =SUM(J53:J55) -> 6527.7742
B58: Non-Current Assets
B59: Content Cost | C59: =Versant!F61 -> 574.10688 | D59: 0 | E59: 0 | F59: =SUM(C59:E59) -> 574.10688 | G59: =Versant!G61 -> 569.45591 | H59: =Versant!H61 -> 568.9327 | I59: =Versant!I61 -> 507.54049 | J59: =Versant!J61 -> 451.46719
B60: Investment | C60: =Versant!F62 -> 259 | D60: 0 | E60: 0 | F60: =SUM(C60:E60) -> 259 | G60: =Versant!G62 -> 264 | H60: =Versant!H62 -> 269 | I60: =Versant!I62 -> 274 | J60: =Versant!J62 -> 279
B61: Intangible Assets (incl. PP&E | C61: =Versant!F63 -> 2061.7871 | D61: 0 | E61: 0 | F61: =SUM(C61:E61) -> 2061.7871 | G61: =Versant!G63+$J$6 -> 2211.5657 | H61: =Versant!H63+$J$6 -> 2265.9332 | I61: =Versant!I63+$J$6 -> 2317.0387 | J61: =Versant!J63+$J$6 -> 2365.0778
B62: Goodwill | C62: =Versant!F64 -> 6782.4252 | D62: 0 | E62: 0 | F62: =SUM(C62:E62) -> 6782.4252 | G62: =Versant!G64 -> 5774.1559 | H62: =Versant!H64 -> 4693.7262 | I62: =Versant!I64 -> 3657.68 | J62: =Versant!J64 -> 2664.581
B63: Other Non-Current Assets | C63: =Versant!F65 -> 101.63656 | D63: 0 | E63: 0 | F63: =SUM(C63:E63) -> 101.63656 | G63: =Versant!G65 -> 119.50964 | H63: =Versant!H65 -> 139.98313 | I63: =Versant!I65 -> 145.21227 | J63: =Versant!J65 -> 149.30997
B64: Total Non-Current Assets | C64: =SUM(C59:C63) -> 9778.9557 | F64: =SUM(F59:F63) -> 9778.9557 | G64: =SUM(G59:G63) -> 8938.6871 | H64: =SUM(H59:H63) -> 7937.5752 | I64: =SUM(I59:I63) -> 6901.4714 | J64: =SUM(J59:J63) -> 5909.4359
B66: Total Assets | C66: =C64+C56 -> 11067.016 | F66: =F64+F56 -> 11772.016 | G66: =G64+G56 -> 12124.42 | H66: =H64+H56 -> 12381.211 | I66: =I64+I56 -> 12444.159 | J66: =J64+J56 -> 12437.21
B68: Liabilities
B69: Current Liabilities
B70: Account Payable | C70: =Versant!F72 -> 97.744016 | D70: 0 | E70: 0 | F70: =SUM(C70:E70) -> 97.744016 | G70: =Versant!G72 -> 103.61308 | H70: =Versant!H72 -> 110.851 | I70: =Versant!I72 -> 106.13377 | J70: =Versant!J72 -> 101.58354
B71: Deferred Revenue | C71: =Versant!F73 -> 153.45312 | D71: 0 | E71: 0 | F71: =SUM(C71:E71) -> 153.45312 | G71: =Versant!G73 -> 187.20649 | H71: =Versant!H73 -> 225.56282 | I71: =Versant!I73 -> 239.2853 | J71: =Versant!J73 -> 250.54905
B72: Accrued Content Obligation | C72: =Versant!F74 -> 181.57012 | D72: 0 | E72: 0 | F72: =SUM(C72:E72) -> 181.57012 | G72: =Versant!G74 -> 183.68682 | H72: =Versant!H74 -> 187.03282 | I72: =Versant!I74 -> 169.91396 | J72: =Versant!J74 -> 153.79173
B73: Accrued | C73: =Versant!F75 -> 146.57174 | D73: 0 | E73: 0 | F73: =SUM(C73:E73) -> 146.57174 | G73: =Versant!G75 -> 154.2774 | H73: =Versant!H75 -> 163.88271 | I73: =Versant!I75 -> 155.78681 | J73: =Versant!J75 -> 148.03401
B74: Total Current Liabilities | C74: =SUM(C70:C73) -> 579.339 | F74: =SUM(F70:F73) -> 579.339 | G74: =SUM(G70:G73) -> 628.78379 | H74: =SUM(H70:H73) -> 687.32934 | I74: =SUM(I70:I73) -> 671.11983 | J74: =SUM(J70:J73) -> 653.95834
B76: Non-Current Liabilities
B77: Deferred Income Tax | C77: =Versant!F79 -> 306.10494 | F77: =SUM(C77:E77) -> 306.10494 | G77: =F77+G96 -> 242.70646 | H77: =G77+H96 -> 201.64864 | I77: =H77+I96 -> 185.39845 | J77: =I77+J96 -> 185.39845
B78: Non-Current Content Obligation | C78: =Versant!F80 -> 73.66357 | F78: =SUM(C78:E78) -> 73.66357 | G78: =Versant!G80 -> 78.336066 | H78: =Versant!H80 -> 84.065119 | I78: =Versant!I80 -> 80.724728 | J78: =Versant!J80 -> 77.482548
B79: Other Liabilities | C79: =Versant!F81 -> 35.314012 | F79: =SUM(C79:E79) -> 35.314012 | G79: =Versant!G81 -> 35.243898 | H79: =Versant!H81 -> 35.362298 | I79: =Versant!I81 -> 31.613623 | J79: =Versant!J81 -> 28.110623
B80: Long-Term Debt | C80: 0 | E80: =J14+J15 -> 2955 | F80: =SUM(C80:E80) -> 2955 | G80: =F80 -> 2955 | H80: =G80 -> 2955 | I80: =H80 -> 2955 | J80: =I80 -> 2955
B81: Total Non-Current Liabilities | C81: =SUM(C77:C80) -> 415.08252 | F81: =SUM(F77:F80) -> 3370.0825 | G81: =SUM(G77:G80) -> 3311.2864 | H81: =SUM(H77:H80) -> 3276.0761 | I81: =SUM(I77:I80) -> 3252.7368 | J81: =SUM(J77:J80) -> 3245.9916
B83: Common Stockholder Equity | C83: =Versant!F86 -> 9955.1153 | D83: =-C10 -> -2250 | E83: 0 | F83: =SUM(C83:E83) -> 7705.1153 | G83: =F83+G46+G113+G94+G110+G111+G112 -> 8060.8799 | H83: =G83+H46+H113+H94+H110+H111+H112 -> 8385.2373 | I83: =H83+I46+I113+I94+I110+I111+I112 -> 8586.9213 | J83: =I83+J46+J113+J94+J110+J111+J112 -> 8703.1993
B84: (+) Non-Controlling Equity | C84: =Versant!F87 -> 118 | D84: 0 | E84: 0 | F84: =SUM(C84:E84) -> 118 | G84: =Versant!G87 -> 118 | H84: =Versant!H87 -> 118 | I84: =Versant!I87 -> 118 | J84: =Versant!J87 -> 118
B85: Total Equity | C85: =SUM(C83:C84) -> 10073.115 | F85: =SUM(F83:F84) -> 7823.1153 | G85: =SUM(G83:G84) -> 8178.8799 | H85: =SUM(H83:H84) -> 8503.2373 | I85: =SUM(I83:I84) -> 8704.9213 | J85: =SUM(J83:J84) -> 8821.1993
B87: Balance Check | F87: =IF(AND(F66-F74-F81-F85<1,F66-F74-F81-F85>-1), "OK!", F66-F74-F81-F85) -> OK! | G87: =IF(AND(G66-G74-G81-G85<1,G66-G74-G81-G85>-1), "OK!", G66-G74-G81-G85) -> 5.4702112 | H87: =IF(AND(H66-H74-H81-H85<1,H66-H74-H81-H85>-1), "OK!", H66-H74-H81-H85) -> -85.431777 | I87: =IF(AND(I66-I74-I81-I85<1,I66-I74-I81-I85>-1), "OK!", I66-I74-I81-I85) -> -184.61884 | J87: =IF(AND(J66-J74-J81-J85<1,J66-J74-J81-J85>-1), "OK!", J66-J74-J81-J85) -> -283.9391
D89: Transaction Adjusments | G89: Separated Company
B90: SubCo - Adjusted Cashflow Statement | C90: =C50 -> 46022 | D90: Debit | E90: Credit | F90: =F50 -> 46022 | G90: =G50 -> 46387 | H90: =H50 -> 46752 | I90: =I50 -> 47118 | J90: =J50 -> 47483
B91: Net Income | C91: =C44 -> 1218.9506 | G91: =G44 -> 633.98472 | H91: =H44 -> 615.86734 | I91: =I44 -> 487.50587 | J91: =J44 -> 371.75222
B92: Non-Cash Adjustments
B93: (+) D&A | C93: =Versant!F27 -> 949.57484 | G93: =-G36 -> 1008.2693 | H93: =-H36 -> 1080.4297 | I93: =-I36 -> 1036.0461 | J93: =-J36 -> 993.09902
B94: (+) Shared Based Compesation | C94: =Versant!F28 -> 16 | G94: =Versant!G28 -> 16 | H94: =Versant!H28 -> 16 | I94: =Versant!I28 -> 16 | J94: =Versant!J28 -> 16
B95: (+/-) Net Gain / Loss on investment | C95: =Versant!F29 -> 0 | G95: =Versant!G29 -> 0 | H95: =Versant!H29 -> 0 | I95: =Versant!I29 -> 0 | J95: =Versant!J29 -> 0
B96: (+/-) Deferred Income Taxes | C96: =Versant!F30 -> -121.89506 | G96: =Versant!F119*'Versant - Adjustment'!G43 -> -63.398472 | H96: =Versant!G119*'Versant - Adjustment'!H43 -> -41.057823 | I96: =Versant!H119*'Versant - Adjustment'!I43 -> -16.250196 | J96: =Versant!I119*'Versant - Adjustment'!J43 -> 0
B97: Change in Working Capital
B98: (+/-) Change in Receivables | C98: =Versant!F32 -> 101.25312 | G98: =Versant!G32 -> -18.13463 | H98: =Versant!H32 -> -29.098068 | I98: =Versant!I32 -> 98.715021 | J98: =Versant!J32 -> 91.156745
B99: (+/-) Change in Content Cost | C99: =Versant!F33 -> 64.89312 | G99: =Versant!G33 -> 4.6509696 | H99: =Versant!H33 -> 0.52321152 | I99: =Versant!I33 -> 61.392209 | J99: =Versant!J33 -> 56.073301
B100: (+/-) Change in Account Payables | C100: =Versant!F34 -> -4.2559841 | G100: =Versant!G34 -> 5.8690623 | H100: =Versant!H34 -> 7.2379206 | I100: =Versant!I34 -> -4.7172292 | J100: =Versant!J34 -> -4.5502253
B101: (+/-) Other Assets/Liabilities | C101: =Versant!F35 -> -20.063994 | G101: =Versant!G35 -> 30.305029 | H101: =Versant!H35 -> 36.681598 | I101: =Versant!I35 -> -23.810482 | J101: =Versant!J35 -> -23.454152
B102: Net Change from Working Capital | C102: =SUM(C98:C101) -> 141.82626 | G102: =SUM(G98:G101) -> 22.69043 | H102: =SUM(H98:H101) -> 15.344661 | I102: =SUM(I98:I101) -> 131.57952 | J102: =SUM(J98:J101) -> 119.22567
B103: Cash from Operations | C103: =C102+SUM(C91:C96) -> 2204.4567 | G103: =G102+SUM(G91:G96) -> 1617.5459 | H103: =H102+SUM(H91:H96) -> 1686.5839 | I103: =I102+SUM(I91:I96) -> 1654.8813 | J103: =J102+SUM(J91:J96) -> 1500.0769
B105: (-) CAPEX | C105: =Versant!F39 -> -49.7871 | G105: =Versant!G39 -> -51.778584 | H105: =Versant!H39 -> -54.367513 | I105: =Versant!I39 -> -51.105462 | J105: =Versant!J39 -> -48.039135
B106: (-) Additional CAPEX | G106: =-$J$6 -> -98 | H106: =-$J$6 -> -98 | I106: =-$J$6 -> -98 | J106: =-$J$6 -> -98
B107: (-) Other Investment | C107: =Versant!F40 -> -5 | G107: =Versant!G40 -> -5 | H107: =Versant!H40 -> -5 | I107: =Versant!I40 -> -5 | J107: =Versant!J40 -> -5
B108: Cash from Investing | C108: =SUM(C105:C107) -> -54.7871 | G108: =SUM(G105:G107) -> -154.77858 | H108: =SUM(H105:H107) -> -157.36751 | I108: =SUM(I105:I107) -> -154.10546 | J108: =SUM(J105:J107) -> -151.03913
B110: (-) Change in Net Parent Investment | C110: =Versant!F43 -> -2076.1686 | G110: =Versant!G43 -> -2159.2154 | H110: =Versant!H43 -> -2267.1762 | I110: =Versant!I43 -> -2131.1456 | J110: =Versant!J43 -> -2003.2769
B111: (+) Removal Net Parent | C111: 0 | G111: =-G110 -> 2159.2154 | H111: =-H110 -> 2267.1762 | I111: =-I110 -> 2131.1456 | J111: =-J110 -> 2003.2769
B112: (-) Dividend | C112: 0 | G112: =G130 -> -293.55347 | H112: =H130 -> -306.84328 | I112: =I130 -> -301.15517 | J112: =J130 -> -270.80755
B113: (+/-) Other | C113: =Versant!F44 -> -0.66666667 | G113: =Versant!G44 -> -0.66666667 | H113: =Versant!H44 -> -0.66666667 | I113: =Versant!I44 -> -0.66666667 | J113: =Versant!J44 -> -0.66666667
B114: Cash from Financing | C114: =SUM(C110:C113) -> -2076.8353 | G114: =SUM(G110:G113) -> -294.22014 | H114: =SUM(H110:H113) -> -307.50995 | I114: =SUM(I110:I113) -> -301.82184 | J114: =SUM(J110:J113) -> -271.47422
B116: Net Change in Cash | C116: =C103+C108+C114 -> 72.834269 | G116: =G114+G108+G103 -> 1168.5472 | H116: =H114+H108+H103 -> 1221.7065 | I116: =I114+I108+I103 -> 1198.954 | J116: =J114+J108+J103 -> 1077.5636
B117: Beginning Cash | C117: =Versant!F48 -> 8 | G117: =F53 -> 785.83427 | H117: =G118 -> 1954.3815 | I117: =H118 -> 3176.0879 | J117: =I118 -> 4375.042
B118: Ending Cash | C118: =SUM(C116:C117) -> 80.834269 | G118: =SUM(G116:G117) -> 1954.3815 | H118: =SUM(H116:H117) -> 3176.0879 | I118: =SUM(I116:I117) -> 4375.042 | J118: =SUM(J116:J117) -> 5452.6055
D121: Transaction Adjusments | G121: Separated Company
B122: SubCo - Ratios | C122: =C90 -> 46022 | D122: Debit | E122: Credit | F122: =F90 -> 46022 | G122: =G90 -> 46387 | H122: =H90 -> 46752 | I122: =I90 -> 47118 | J122: =J90 -> 47483
...

Sheet Versant - WACC
B2: Versant - WACC
B4: Company | C4: Ticker | D4: Beta
B5: Warner Bros | C5: WBD | D5: 1.61
B6: Paramount Global | C6: PARA | D6: 1.18
B7: Fox | C7: FOXA | D7: 0.51
B8: AMC Networks | C8: AMCX | D8: 1.06
B9: Median | D9: =MEDIAN(D5:D8) -> 1.12
C11: Beta | D11: Equity | E11: Debt | F11: Debt % | G11: Equity %
B12: Versant | C12: =D9 -> 1.12 | D12: ='Versant - Adjustment'!C17 -> 7823.1153 | E12: ='Versant - Adjustment'!C19 -> 2955 | F12: =E12/(E12+D12) -> 0.27416667 | G12: =1-F12 -> 0.72583333
B14: Levered Beta | C14: =C12*(1+(1-SubCo_Marginal_Tax_Rate)*(F12/G12)) -> 1.4372905
B15: Cost of Equity | C15: =Risk_Free_Rate+(Equity_Risk_Premium*C14) -> 0.11286452
B17: Cost of Debt | C17: ='Versant - Adjustment'!J10 -> 0.0725
B18: Cost of Debt After Tax | C18: =C17*(1-SubCo_Marginal_Tax_Rate) -> 0.054375
B20: Cost of Capital | C20: =C18*F12+C15*G12 -> 0.096828646

Sheet Venant - DFCF
B2: Versant - Discounted Free Cash Flow
B4: Cost of Capital | C4: ='Versant - WACC'!C20 -> 0.096828646 | E4: Perpetual | H4: Exit
E5: Growth | F5: -0.06 | H5: EV/EBITDA | I5: 5
B6: Current Shares | C6: ='Versant - Adjustment'!C6 -> 144.15002
E7: Terminal FCFF | F7: =P40 -> 1102.1072 | H7: Terminal EBITDA | I7: =P47 -> 1120.7994
E9: Terminal Value | F9: =F7*(1+F5)/(Cost_of_Capital-F5) -> 6605.8131 | H9: Terminal Value | I9: =I7*I5 -> 5603.9968
E10: Implied EV/EBITDA | F10: =F9/P47 -> 5.8938409 | H10: Implied Growth | I10: =(I9*Cost_of_Capital-P40)/(I9+P40) -> -0.083428431
E12: PV of Terminal | F12: =F9*P43 -> 2621.431 | H12: PV of Terminal | I12: =I9*P43 -> 2223.8733
E13: Sum of PV | F13: =SUM(G45:P45) -> 9902.57 | H13: Sum of PV | I13: =SUM(G45:P45) -> 9902.57
E14: (-) Debt | F14: =-'Versant - Adjustment'!F80 -> -2955 | H14: (-) Debt | I14: =F14 -> -2955
E15: (+) Cash | F15: ='Versant - Adjustment'!F53 -> 785.83427 | H15: (+) Cash | I15: =F15 -> 785.83427
E16: Equity | F16: =SUM(F12:F15) -> 10354.835 | H16: Equity | I16: =SUM(I12:I15) -> 9957.2776
E18: Share (Discount Impl.) | F18: =(F16/C6)*(1-Parent_Implied_Discount) -> 50.28362 | H18: Share (Discount Impl.) | I18: =(I16/C6)*(1-Parent_Implied_Discount) -> 48.353059
E19: Upside | F19: =F18/'Versant - Adjustment'!$C$8-1 -> -0.073465691 | H19: Upside | I19: =I18/'Versant - Adjustment'!$C$8-1 -> -0.10903853
E21: Implied TV over EV | F21: =F12/(F13+F12) -> 0.20931259 | H21: Implied TV over EV | I21: =I12/(I13+I12) -> 0.1833904
C23: HISTORICAL | G23: PROJECTED
B24: Unlevered Free Cash Flow | C24: =DATE(2022,12,31) -> 44926 | D24: =EOMONTH(C24,12) -> 45291 | E24: =EOMONTH(D24,12) -> 45657 | F24: =EOMONTH(E24,12) -> 46022 | G24: =EOMONTH(F24,12) -> 46387 | H24: =EOMONTH(G24,12) -> 46752 | I24: =EOMONTH(H24,12) -> 47118 | J24: =EOMONTH(I24,12) -> 47483 | K24: =EOMONTH(J24,12) -> 47848 | ... P24: =EOMONTH(O24,12) -> 49674
B25: Revenue | C25: =Versant!C6 -> 7834 | D25: =Versant!D6 -> 7445 | E25: =Versant!E6 -> 7062 | F25: ='Versant - Adjustment'!C28 -> 6638.28 | G25: ='Versant - Adjustment'!G28 -> 6903.8112 | H25: ='Versant - Adjustment'!H28 -> 7249.0018 | I25: ='Versant - Adjustment'!I28 -> 6814.0617 | J25: ='Versant - Adjustment'!J28 -> 6405.218 | K25: =J25*(1+K26) -> 6020.9049 | L25: =K25*(1+L26) -> 5659.6506 | M25: =L25*(1+M26) -> 5320.0716 | N25: =M25*(1+N26) -> 5000.8673 | O25: =N25*(1+O26) -> 4700.8152 | P25: =O25*(1+P26) -> 4418.7663
B26: Growth | D26: =D25/C25-1 -> -0.049655348 | E26: =E25/D25-1 -> -0.051443922 | F26: =F25/E25-1 -> -0.06 | G26: =G25/F25-1 -> 0.04 | H26: =H25/G25-1 -> 0.05 | I26: =I25/H25-1 -> -0.06 | J26: =J25/I25-1 -> -0.06 | K26: -0.06 | L26: -0.06 | M26: -0.06 | N26: -0.06 | O26: -0.06 | P26: -0.06
B28: Operating Profit | C28: =Versant!C15 -> 2410 | D28: =Versant!D15 -> 2069 | E28: =Versant!E15 -> 1842 | F28: ='Versant - Adjustment'!C39 -> 1625.2675 | G28: ='Versant - Adjustment'!G39 -> 1059.5505 | H28: ='Versant - Adjustment'!H39 -> 1035.394 | I28: ='Versant - Adjustment'!I39 -> 864.24533 | J28: ='Versant - Adjustment'!J39 -> 709.90712 | K28: =K29*K25 -> 602.09049 | L28: =L29*L25 -> 560.30541 | M28: =M29*M25 -> 521.36701 | N28: =N29*N25 -> 485.08412 | O28: =O29*O25 -> 451.27826 | P28: =P29*P25 -> 419.7828
B29: Margin | C29: =C28/C25 -> 0.30763339 | D29: =D28/D25 -> 0.27790463 | E29: =E28/E25 -> 0.26083263 | F29: =F28/F25 -> 0.24483263 | G29: =G28/G25 -> 0.15347327 | H29: =H28/H25 -> 0.14283263 | I29: =I28/I25 -> 0.12683263 | J29: =J28/J25 -> 0.11083263 | K29: 0.1 | L29: =K29-0.1% -> 0.099 | M29: =L29-0.1% -> 0.098 | N29: =M29-0.1% -> 0.097 | O29: =N29-0.1% -> 0.096 | P29: =O29-0.1% -> 0.095
B31: (+) D&A | C31: =Versant!C27 -> 992 | D31: =Versant!D27 -> 991 | E31: =Versant!E27 -> 989 | F31: ='Versant - Adjustment'!C93 -> 949.57484 | G31: ='Versant - Adjustment'!G93 -> 1008.2693 | H31: ='Versant - Adjustment'!H93 -> 1080.4297 | I31: ='Versant - Adjustment'!I93 -> 1036.0461 | J31: ='Versant - Adjustment'!J93 -> 993.09902 | K31: =K32*K25 -> 937.12562 | L31: =L32*L25 -> 884.29388 | M31: =M32*M25 -> 834.42829 | N31: =N32*N25 -> 787.36311 | O31: =O32*O25 -> 742.94181 | P31: =P32*P25 -> 701.01656
B32: % Revenue | C32: =C31/C25 -> 0.12662752 | D32: =D31/D25 -> 0.13310947 | E32: =E31/E25 -> 0.14004531 | F32: =F31/F25 -> 0.14304531 | G32: =G31/G25 -> 0.14604531 | H32: =H31/H25 -> 0.14904531 | I32: =I31/I25 -> 0.15204531 | J32: =J31/J25 -> 0.15504531 | K32: =J32+0.06% -> 0.15564531 | L32: =K32+0.06% -> 0.15624531 | M32: =L32+0.06% -> 0.15684531 | N32: =M32+0.06% -> 0.15744531 | O32: =N32+0.06% -> 0.15804531 | P32: =O32+0.06% -> 0.15864531
B34: (-) CAPEX | C34: =Versant!C39 -> -65 | D34: =Versant!D39 -> -56 | E34: =Versant!E39 -> -54 | F34: ='Versant - Adjustment'!C105+'Versant - Adjustment'!C106+'Versant - Adjustment'!C107 -> -54.7871 | G34: =SUM('Versant - Adjustment'!G105:G107) -> -154.77858 | H34: =SUM('Versant - Adjustment'!H105:H107) -> -157.36751 | I34: =SUM('Versant - Adjustment'!I105:I107) -> -154.10546 | J34: =SUM('Versant - Adjustment'!J105:J107) -> -151.03913 | K34: =K35*-K25 -> -129.93498 | L34: =L35*-L25 -> -110.81958 | M34: =M35*-M25 -> -93.530259 | N34: =N35*-N25 -> -77.916709 | O34: =O35*-O25 -> -63.840076 | P34: =P35*-P25 -> -51.172139
B35: % Revenue | C35: =-C34/C25 -> 0.0082971662 | D35: =-D34/D25 -> 0.0075218267 | E35: =-E34/E25 -> 0.007646559 | F35: =-F34/F25 -> 0.0082532072 | G35: =-G34/G25 -> 0.022419296 | H35: =-H34/H25 -> 0.021708853 | I35: =-I34/I25 -> 0.022615801 | J35: =-J34/J25 -> 0.023580639 | K35: =J35-0.2% -> 0.021580639 | L35: =K35-0.2% -> 0.019580639 | M35: =L35-0.2% -> 0.017580639 | N35: =M35-0.2% -> 0.015580639 | O35: =N35-0.2% -> 0.013580639 | P35: =O35-0.2% -> 0.011580639
B37: (+/-) Working Capital | C37: =Versant!C36 -> -167 | D37: =Versant!D36 -> 17 | E37: =Versant!E36 -> -14 | F37: ='Versant - Adjustment'!C102 -> 141.82626 | G37: ='Versant - Adjustment'!G102 -> 22.69043 | H37: ='Versant - Adjustment'!H102 -> 15.344661 | I37: ='Versant - Adjustment'!I102 -> 131.57952 | J37: ='Versant - Adjustment'!J102 -> 119.22567 | K37: =(K25-J25)*K38 -> 44.256372 | L37: =(L25-K25)*L38 -> 41.60099 | M37: =(M25-L25)*M38 -> 39.104931 | N37: =(N25-M25)*N38 -> 36.758635 | O37: =(O25-N25)*O38 -> 34.553117 | P37: =(P25-O25)*P38 -> 32.47993
B38: % Change in Revenue | D38: =D37/(D25-C25) -> -0.043701799 | E38: =E37/(E25-D25) -> 0.036553525 | F38: =F37/(F25-E25) -> -0.33471694 | G38: =G37/(G25-F25) -> 0.085452972 | H38: =H37/(H25-G25) -> 0.044452725 | I38: =I37/(I25-H25) -> -0.30252331 | J38: =J37/(J25-I25) -> -0.29161675 | K38: =AVERAGE(D38:J38) -> -0.11515708 | L38: =K38 -> -0.11515708 | M38: =L38 -> -0.11515708 | N38: =M38 -> -0.11515708 | O38: =N38 -> -0.11515708 | P38: =O38 -> -0.11515708
B40: Unlevered Free Cash Flow | C40: =C28+C31+C34+C37 -> 3170 | D40: =D28+D31+D34+D37 -> 3021 | E40: =E28+E31+E34+E37 -> 2763 | F40: =F28+F31+F34+F37 -> 2661.8815 | G40: =G28+G31+G34+G37 -> 1935.7316 | H40: =H28+H31+H34+H37 -> 1973.8008 | I40: =I28+I31+I34+I37 -> 1877.7655 | J40: =J28+J31+J34+J37 -> 1671.1927 | ... P40: =P28+P31+P34+P37 -> 1102.1072
B42: Period | G42: 1 | H42: 2 | I42: 3 | J42: 4 | K42: 5 | L42: 6 | M42: 7 | N42: 8 | O42: 9 | P42: 10
B43: Discount Factor | G43: =1/(1+Parent_Cost_of_Capital)^G42 -> 0.91171944 | H43: =1/(1+Parent_Cost_of_Capital)^H42 -> 0.83123234 | I43: =1/(1+Parent_Cost_of_Capital)^I42 -> 0.75785068 | J43: =1/(1+Parent_Cost_of_Capital)^J42 -> 0.6909472 | K43: =1/(1+Parent_Cost_of_Capital)^K42 -> 0.62995 | L43: =1/(1+Parent_Cost_of_Capital)^L42 -> 0.57433766 | M43: =1/(1+Parent_Cost_of_Capital)^M42 -> 0.52363481 | N43: =1/(1+Parent_Cost_of_Capital)^N42 -> 0.47740804 | ... P43: =1/(1+Parent_Cost_of_Capital)^P42 -> 0.396837
B45: PV | G45: =G40*G43 -> 1764.8441 | H45: =H40*H43 -> 1640.6871 | I45: =I40*I43 -> 1423.0659 | J45: =J40*J43 -> 1154.7059 | K45: =K40*K43 -> 915.65595 | L45: =L40*L43 -> 789.93293 | M45: =M40*M43 -> 681.44262 | N45: =N40*N43 -> 587.82734 | ... P45: =P40*P43 -> 437.35689
B47: EBITDA | C47: =C28+C31 -> 3402 | D47: =D28+D31 -> 3060 | E47: =E28+E31 -> 2831 | F47: =F28+F31 -> 2574.8424 | G47: =G28+G31 -> 2067.8197 | H47: =H28+H31 -> 2115.8237 | I47: =I28+I31 -> 1900.2915 | J47: =J28+J31 -> 1703.0061 | ... P47: =P28+P31 -> 1120.7994
B50: Perpetual Growth
B51: =F18 -> 50.28362 | C51: 0 | D51: =C51+0.5% -> 0.005 | E51: =D51+0.5% -> 0.01 | F51: =E51+0.5% -> 0.015 | G51: =F51+0.5% -> 0.02 | H51: =G51+0.5% -> 0.025
B52: 0.0666 | C52: 85.879849 | D52: 89.530817 | E52: 93.826832 | F52: 98.955408 | G52: 105.18454 | H52: 112.91105
B53: =B52+1% -> 0.0766 | C53: 74.936068 | D53: 77.447064 | E53: 80.335086 | F53: 83.691943 | G53: 87.641884 | H53: 92.357318
B54: =B53+1% -> 0.0866 | C54: 66.436612 | D54: 68.229866 | E54: 70.257226 | F54: 72.567737 | G54: 75.225172 | H54: 78.314009
B55: =B54+1% -> 0.0966 | C55: 59.627699 | D55: 60.946473 | E55: 62.41753 | F55: 64.068864 | G55: 65.935777 | H55: 68.063432
B56: =B55+1% -> 0.1066 | C56: 54.037984 | D56: 55.030895 | E56: 56.126591 | F56: 57.341906 | G56: 58.697556 | H56: 60.219341
B57: =B56+1% -> 0.1166 | C57: 49.357483 | D57: 50.119625 | E57: 50.953262 | F57: 51.86895 | G57: 52.87943 | H57: 54.000225
B60: EV/EBITDA
B61: =I18 -> 48.353059 | C61: 4 | D61: 5 | E61: 6 | F61: =E61+1 -> 7 | G61: =F61+1 -> 8 | H61: =G61+1 -> 9
B62: 0.0666 | C62: 55.133514 | D62: 57.989758 | E62: 60.846003 | F62: 63.702248 | G62: 66.558493 | H62: 69.414737
B63: =B62+1% -> 0.0766 | C63: 51.944023 | D63: 54.545785 | E63: 57.147546 | F63: 59.749307 | G63: 62.351069 | H63: 64.95283
B64: =B63+1% -> 0.0866 | C64: 48.991135 | D64: 51.363132 | E64: 53.73513 | F64: 56.107127 | G64: 58.479124 | H64: 60.851122
B65: =B64+1% -> 0.0966 | C65: 46.253445 | D65: 48.417801 | E65: 50.582158 | F65: 52.746514 | G65: 54.910871 | H65: 57.075227
B66: =B65+1% -> 0.1066 | C66: 43.711748 | D66: 45.688283 | E66: 47.664818 | F66: 49.641353 | G66: 51.617888 | H66: 53.594424
B67: =B66+1% -> 0.1166 | C67: 41.348787 | D67: 43.155275 | E67: 44.961762 | F67: 46.76825 | G67: 48.574737 | H67: 50.381225
